 Dungeon Crawl Stone Soup version 0.22-a0-185-ge330310 (webtiles) character file.

935513 vishdafish the Warrior (level 27, -5/225 HPs)
             Began as a Demonspawn Fighter on Feb 15, 2018.
             Was the Champion of Yredelemnul.
             Killed from afar by an orb of fire (17 damage)
             ... with a bolt of fire
             ... on level 5 of the Realm of Zot on Feb 16, 2018.
             The game lasted 06:28:06 (77105 turns).

vishdafish the Warrior (Demonspawn Fighter)        Turns: 77105, Time: 06:28:07

Health: -5/225     AC: 42    Str: 26    XL:     27
Magic:  0/38       EV: 26    Int: 20    God:    Yredelemnul [******]
Gold:   7002       SH: 24    Dex: 19    Spells: 1/48 levels left

rFire    + . .     SeeInvis .   H - +9 double sword (protect)
rCold    + + .     Gourm    .   c - +2 shield "Wawnyoda" {rElec Slay+6}
rNeg     + + .     Faith    .   Z - +5 ring mail of Qeh Animiosu {rN+ Dex+2 Slay+4}
rPois    +         Spirit   +   (helmet unavailable)
rElec    +         Reflect  +   z - +2 cloak
rCorr    .         Harm     .   N - +2 pair of gloves {Dex+3}
MR       +++..                  S - +2 pair of boots "Gaoloe Alem" {Slay+3}
Stlth    +.........             a - amulet of Spontaneous Combustion {Reflect Str+3 SH+5}
HPRegen  0.47/turn              L - ring of Eternity {rPois rF+ rC+ Slay+2}
MPRegen  0.52/turn              o - ring "Atin Tot" {*Contam rElec rPois rN+ AC+5}

@: mighty, protection aura
A: horns 3, slimy green scales 3, blurry vision 2, cold resistance 1, magic
resistance 1, passive freeze, powered by death 3, shaggy fur 1, magic shield,
magic regeneration, magic link, freezing cloud immunity
}: 8/15 runes: serpentine, barnacled, slimy, silver, icy, demonic, magical, dark
a: Recall Undead Slaves, Injury Mirror, Animate Dead, Drain Life, Enslave Soul,
Renounce Religion


You were on level 5 of the Realm of Zot.
You worshipped Yredelemnul.
Yredelemnul was exalted by your worship.
You were not hungry.

You visited 15 branches of the dungeon, and saw 68 of its levels.
You visited Pandemonium 1 time, and saw 9 of its levels.
You visited the Abyss 1 time.
You visited 3 bazaars.
You visited 1 ziggurat, and saw 9 of its levels.
You also visited: Labyrinth, Trove, Ice Cave, Volcano and Wizlab.

You collected 10958 gold pieces.
You spent 3956 gold pieces at shops.

Inventory:

Hand Weapons
 H - a +9 double sword of protection (weapon)
 J - the +9 staff of Wucad Mu {channel}
   (You found it in a wizard's laboratory)
Missiles
 W - 11 throwing nets (quivered)
Armour
 c - the +2 shield "Wawnyoda" (worn) {rElec Slay+6}
   (You bought it in a shop on level 2 of the Orcish Mines)

   It affects your accuracy and damage with ranged weapons and melee attacks
   (+6).
   It insulates you from electricity.
 z - a +2 cloak (worn)
 K - a +1 large shield of protection
 N - a +2 pair of gloves of dexterity (worn)
 S - the +2 pair of boots "Gaoloe Alem" (worn) {Slay+3}
   (You found it on level 2 of the Crypt)

   It affects your accuracy and damage with ranged weapons and melee attacks
   (+3).
 Z - the +5 ring mail of Qeh Animiosu (worn) {rN+ Dex+2 Slay+4}
   (You found it in a labyrinth)

   It affects your dexterity (+2).
   It affects your accuracy and damage with ranged weapons and melee attacks
   (+4).
   It protects you from negative energy.
Jewellery
 a - the amulet of Spontaneous Combustion (around neck) {Reflect Str+3 SH+5}
   (You took it off a mummy priest on level 1 of the Tomb of the Ancients)

   [amulet of reflection]

   It shields you and reflects attacks.
   It affects your strength (+3).
   It affects your SH (+5).
 o - the ring "Atin Tot" (right hand) {*Contam rElec rPois rN+ AC+5}
   (You found it in Pandemonium)

   [ring of protection]

   It affects your AC (+5).
   It insulates you from electricity.
   It protects you from poison.
   It protects you from negative energy.
   It causes magical contamination when unequipped.
 L - the ring of Eternity (left hand) {rPois rF+ rC+ Slay+2}
   (You took it off a deep elf archer on level 3 of the Elven Halls)

   [ring of poison resistance]

   It affects your accuracy and damage with ranged weapons and melee attacks
   (+2).
   It protects you from fire.
   It protects you from cold.
   It protects you from poison.
Wands
 d - a wand of polymorph (106)
 j - a wand of paralysis (129)
 k - a wand of flame (7)
 p - a wand of disintegration (44)
 u - a wand of enslavement (79)
 w - a wand of digging (55)
 y - a wand of acid (24)
 A - a wand of iceblast (23)
 V - a wand of random effects (86)
Scrolls
 b - 7 scrolls of magic mapping
 e - 8 scrolls of fog
 g - 5 scrolls of immolation
 l - 15 scrolls of enchant armour
 m - 6 scrolls of torment
 r - 28 scrolls of teleportation
 x - 3 scrolls of vulnerability
 B - 4 scrolls of identify
 D - 3 scrolls of blinking
 F - 41 scrolls of remove curse
 O - 10 scrolls of enchant weapon
 P - 7 scrolls of fear
 T - 4 scrolls of silence
 X - 2 scrolls of summoning
Potions
 h - 5 potions of heal wounds
 i - 8 potions of flight
 n - 9 potions of ambrosia
 q - a potion of might
 s - 2 potions of magic
 t - 3 potions of haste
 C - 10 potions of brilliance
 E - 11 potions of agility
 G - 2 potions of cancellation
 M - 4 potions of berserk rage
 Q - a potion of mutation
 R - 3 potions of curing
 U - a potion of resistance
 Y - 7 potions of lignification
Miscellaneous
 v - 8 boxes of beasts
 I - 8 sacks of spiders
Comestibles
 f - 56 rations


   Skills:
 * Level 20.3 Fighting
 - Level 19.0 Long Blades
 - Level 17.0 Armour
 - Level 18.3 Dodging
 * Level 19.8 Shields
 - Level 11.0 Spellcasting
 - Level 12.4 Charms
 - Level 19.1 Summonings
 - Level 12.1 Necromancy
 - Level 14.6 Translocations
 - Level 12.3 Transmutations
 - Level 14.0 Earth Magic
 - Level 15.0 Invocations
 - Level 5.2 Evocations


You had one spell level left.
You knew the following spells:

 Your Spells              Type           Power        Failure   Level  Hunger
a - Regeneration          Chrm/Necr      ######....   1%          3    None
b - Lee's Rapid Deconstr  Erth           ######....   1%          5    ####...
c - Song of Slaying       Chrm           ######..     1%          2    None
d - Borgnjor's Vile Clut  Necr/Erth      ######....   1%          5    ####...
e - Passwall              Tmut/Erth      ######....   1%          2    None
f - Apportation           Tloc           ######       1%          1    None
g - Shadow Creatures      Summ           N/A          1%          6    ######.
h - Summon Butterflies    Summ           ######..     0%          1    None
i - Aura of Abjuration    Summ           ######....   1%          5    ####...
j - Blink                 Tloc           N/A          1%          2    None
k - Passage of Golubria   Tloc           N/A          1%          4    ##.....
l - Teleport Other        Tloc           ######..     1%          3    None
m - Lesser Beckoning      Tloc           ######....   1%          3    None
n - Summon Forest         Summ/Tloc      ######....   1%          5    ####...


Dungeon Overview and Level Annotations

Branches:
Dungeon (15/15)            Temple (1/1) D:7            Lair (6/6) D:10
 Shoals (4/4) Lair:2        Snake (4/4) Lair:2        Slime (5/5) Lair:6
    Orc (2/2) D:12            Elf (3/3) Orc:2        Vaults (5/5) D:13
  Crypt (3/3) Vaults:3       Tomb (2/3) Crypt:3      Depths (5/5) D:15
   Hell (1/1)                 Dis (0/7) Hell            Geh (0/7) Hell
    Coc (7/7) Hell            Tar (0/7) Hell            Zot (5/5) Depths:5

Altars:
Ashenzari
Cheibriados
Dithmenos
Elyvilon
Fedhas
Gozag
Hepliaklqana
Kikubaaqudgha
Makhleb
Nemelex Xobeh
Okawaru
Qazlal
Ru
Sif Muna
Trog
Uskayaw
Wu Jian
Xom
Yredelemnul
Zin
The Shining One
Beogh
Jiyva

Shops:
D:10 [   D:11 ?   Orc:1 %[   Orc:2 [[(!:   Shoals:1 *   Snake:3 !
Depths:1 [[?   Depths:3 ==}   Depths:4 !   Depths:5 ?

Portals:
Hell: Depths:1 Depths:2 Depths:3 Depths:4 Depths:5
Abyss: Depths:4
Pandemonium: Depths:3 Depths:5

Annotations:
D:7 Prince Ribbit
Coc:3 31 runed doors


Innate Abilities, Weirdness & Mutations

You have a pair of large horns on your head.
You are completely covered in slimy green scales. (AC +4, rPois)
Your flesh is cold resistant. (rC+)
A frigid envelope surrounds you and freezes all who hurt you.
You regenerate a lot of health from kills.
When hurt, damage is shared between your health and your magic reserves.
You regenerate magic rapidly.
When low on magic, you restore magic in place of health.
You are immune to freezing clouds.
Scrolls take you longer to read.
You are resistant to hostile enchantments. (MR+)
You are covered in fur. (AC +1)


Message History

The orb of fire completely resists.
The fireball engulfs you! You resist.
* * * LOW HITPOINT WARNING * * *
Okay, then.
Press: ? - help, v - describe, . - travel
Here: an orb of fire (almost destroyed)
The floor.
Throwing (i - inventory)
W - 12 throwing nets (quivered)
Press: ? - help, Shift-Dir - straight line, f - orb of fire
Aim: an orb of fire (almost destroyed, immune to nets)
You throw a throwing net. The throwing net hits the orb of fire.
The net passes right through the orb of fire!
The orb of fire is almost destroyed.
The orb of fire glows bright magenta.
Strange energies course through your body.
You feel frail.
The orb of fire glows deep purple.
The bolt of fire hits the orb of fire.
The orb of fire completely resists.
The bolt of fire hits you! You resist.
You die...
Your body rises from the dead as a mindless zombie.

,,,,,,,,,,,,,,,,,,,,,*,,,,,,,,,,,
,,,,,,,,,,,,,,,,,,,,,**,,,,,,,,,*
,,,,,,,,,,,,,,,,,,,,,***,,,,,,,**
,,,,,,,,,,,,,,,,,,,,,* *********
,,,,,,,,,,,,,,,,,,,,**
,,,.,,,,,,,,,,,,,,***
,,,..,,,,,,,,,,****
*,,...##▓▓▓#▓▓▓▓▓▓▓#
,,,...........**@..###
,,,......^.....##....## #
,,,.........^...###...###########
,,,...^......z...###.............
,,,..............# ##............
,,,....(.........# #............
,,,......^.^.....# ##...........
,,,..............# #...........
,,,..............# ##...........


You could see 2 orbs of fire.

Vanquished Creatures
  Lom Lobon (Pan)
  3 ancient liches
  An orb of fire (Zot:5)
  The ghost of PeterLawrence the Minotaur Barricade, a legendary MiFi of the Shining One (Zot:5)
  23 greater mummies
  The ghost of vishdafish the Slayer, a legendary DsFi of Yredelemnul (Tomb:1)
  2 pandemonium lords (Pan)
  Saint Roka (Orc:2)
  3 curse toes
  Vashnia (Snake:3)
  4 Killer Klowns
  8 shard shrikes
  Xtahua (Crypt:3)
  Margery (Crypt:3)
  Frederick (Crypt:3)
  4 bone dragons
  2 profane servitors
  5 golden dragons
  2 Brimstone Fiends (Pan)
  4 electric golems
  A Tzitzimitl (Pan)
  12 tentacled monstrosities
  9 Orb Guardians (Zot:5)
  6 liches
  15 Ice Fiends
  A shard shrike skeleton (Crypt:1)
  A Hell Sentinel (Pan)
  5 quicksilver dragons
  7 death cobs
  7 sphinxes
  A deep elf blademaster (Elf:3)
  6 tentacled starspawn (Abyss:3)
  10 acid blobs
  21 Executioners
  7 ancient champions
  An eldritch tentacle (Coc:7)
  Roxanne (D:14)
  2 tengu reavers (Depths:4)
  Kirke (Snake:4)
  A thorn hunter (Zig:1)
  Ilsuiw (Shoals:4)
  9 shadow dragons
  6 revenants
  2 warmongers (Pan)
  3 draconian monks
  5 nagarajas
  9 daevas (Pan)
  3 azure jellies (Slime:5)
  20 storm dragons
  12 frost giants
  5 draconian scorchers
  4 ghost moths
  16 vault wardens
  3 fire giants
  An iron dragon (Vaults:5)
  2 draconian knights
  A frost giant (shapeshifter) (Zig:8)
  4 balrugs (Pan)
  6 deep elf sorcerers
  2 cacodemons (Pan)
  3 curse skulls
  11 angels (Pan)
  5 deep elf elementalists
  11 stone giants
  7 ghouls
  3 draconian annihilators
  A draconian shifter (Zot:1)
  A spriggan defender (Depths:1)
  A draconian stormcaller (Zig:7)
  2 elemental wellsprings
  4 ironheart preservers
  2 entropy weavers
  12 reapers
  10 apis (Pan)
  4 vampire knights
  7 ophanim (Pan)
  A blood saint (Pan)
  2 corrupters (Pan)
  A bennu (Tomb:1)
  4 green draconians
  25 very ugly things
  4 deep elf annihilators (Elf:3)
  4 purple draconians
  4 black suns (Pan)
  4 lorocyprocas
  An orange crystal statue (WizLab)
  12 yellow draconians
  5 deep elf demonologists
  A minotaur (Lab)
  7 red draconians
  8 white draconians
  8 black draconians
  3 merfolk javelineers (Shoals:4)
  6 ettins
  An eidolon (Crypt:1)
  12 blizzard demons
  3 death oozes (Slime:5)
  5 deep elf high priests
  10 deep elf death magi
  4 green deaths
  23 jiangshi
  11 mummy priests
  10 yaktaur captains
  A kraken zombie (Coc:5)
  6 fire dragons
  6 merfolk impalers
  7 ogre magi
  18 ice dragons
  Harold (Lair:1)
  6 great orbs of eyes
  3 rakshasas
  2 monstrous demonspawn (Pan)
  7 naga warriors
  21 vault guards
  A quicksilver dragon skeleton (Coc:7)
  A spriggan air mage (Depths:5)
  6 hydras
  6 centaur warriors
  A catoblepas (Lair:2)
  8 anacondas
  3 merfolk aquamancers (Shoals:4)
  26 two-headed ogres
  3 merfolk avatars
  8 death knights
  14 dancing weapons
  11 death yaks
  8 death scarabs
  3 deep troll shamans
  7 vampire magi
  3 deep troll earth magi
  3 tengu warriors
  2 hell hogs
  7 naga sharpshooters
  3 shock serpents
  5 wretched stars (Abyss:3)
  6 thrashing horrors (Abyss:3)
  3 hell knights (Crypt:3)
  A fire crab (shapeshifter) (Abyss:3)
  25 soul eaters
  14 sun demons
  An orc high priest (Elf:2)
  An iron troll (shapeshifter) (Zig:8)
  A storm dragon skeleton (Pan)
  2 salamander mystics (Snake:4)
  8 cherubim (Pan)
  8 sea snakes
  38 skeletal warriors
  8 shadow wraiths
  3 spatial maelstroms (Abyss:3)
  18 deep elf knights
  A titan skeleton (Coc:7)
  A spark wasp zombie (Hell)
  A shadow demon (Pan)
  11 sixfirhies
  A sea snake (shapeshifter) (Vaults:3)
  3 unseen horrors
  2 gelid demonspawn (Pan)
  9 deep trolls
  9 flayed ghosts
  5 infernal demonspawn (Pan)
  3 naga ritualists
  4 wizards
  4 anaconda zombies
  10 phantasmal warriors
  A glowing orange brain (Pan)
  7 necromancers
  Pikel (D:6)
  2 lindwurms (Snake:4)
  A tengu zombie (Hell)
  17 ironbrand convokers
  9 mana vipers
  2 anaconda skeletons
  9 deep elf archers
  A minotaur skeleton (Crypt:2)
  7 orc knights
  A shadow dragon zombie (Coc:7)
  An orb spider (Abyss:3)
  A sphinx zombie (Depths:1)
  A shadow dragon skeleton (Pan)
  4 stone giant zombies
  2 fire giant zombies
  10 harpies
  2 golden dragon skeletons
  A faun (Shoals:1)
  3 cyclopes
  An iron dragon zombie (Coc:1)
  36 ugly things
  2 orc sorcerers
  5 wolf spiders
  A worldbinder (Abyss:3)
  58 deep elf magi
  50 slime creatures
  5 salamanders
  14 manticores
  Maurice (D:11)
  An iron dragon skeleton (Coc:7)
  3 centaur zombies
  3 elephants (Lair:6)
  17 moths of wrath
  4 apocalypse crabs
  4 merfolk sirens
  A human skeleton (Vaults:3)
  2 molten gargoyles
  3 stone giant skeletons
  2 frost giant skeletons
  14 naga magi
  6 ice statues
  A water nymph (shapeshifter) (Depths:1)
  4 guardian serpents
  A rust devil (Abyss:3)
  13 vault sentinels
  A black mamba (shapeshifter) (Vaults:2)
  4 eyes of devastation
  38 black mambas
  6 orange demons
  9 smoke demons
  2 gargoyles
  7 water nymphs
  A white draconian zombie (Coc:7)
  A shock serpent skeleton (Crypt:2)
  4 hellions
  A red draconian zombie (Crypt:1)
  A rime drake (Lair:5)
  6 centaur skeletons
  9 komodo dragons
  2 efreet
  3 kobold demonologists
  4 spiny frogs
  A komodo dragon (shapeshifter) (Depths:1)
  A golden dragon simulacrum (IceCv)
  38 yaktaurs
  12 hellwings
  8 tormentors
  3 demonic crawlers (Pan)
  2 red devils
  An anaconda simulacrum (Crypt:3)
  11 merfolk
  32 freezing wraiths
  50 ice devils
  18 guardian mummies
  A silent spectre (Abyss:3)
  8 ancient zymes (Abyss:3)
  3 harpy zombies
  3 hydra zombies
  A troll (Orc:2)
  3 jumping spiders
  3 meliai (D:13)
  2 jumping spiders (shapeshifter)
  A wind drake (Shoals:4)
  A troll (shapeshifter) (Abyss:3)
  7 hornets
  2 tengu conjurers
  The ghost of vishdafish the Slasher, an amateur DsFi of Yredelemnul (D:6)
  The ghost of vishdafish the Slasher, an amateur DsFi (D:4)
  2 fire dragon zombies
  A wolf spider simulacrum (D:15)
  2 meliai (shapeshifter)
  8 raiju (Abyss:3)
  A hornet (shapeshifter) (Vaults:5)
  5 hydra skeletons
  A hippogriff (shapeshifter) (Vaults:1)
  A raiju (shapeshifter) (Vaults:3)
  2 dream sheep (shapeshifter)
  10 hippogriffs
  2 harpy skeletons
  2 ice dragon zombies
  5 snapping turtles
  3 blink frogs (Lair:6)
  7 dream sheep
  A shock serpent simulacrum (Crypt:3)
  5 alligator zombies
  2 ice dragon skeletons
  A spriggan (shapeshifter) (Abyss:3)
  2 alligator skeletons (Coc:6)
  3 air elementals
  2 ettin skeletons
  77 flying skulls
  5 redbacks
  6 shadows
  A tarantella (shapeshifter) (Vaults:2)
  18 water elementals
  A spriggan (Lair:1)
  3 ushabtiu (Tomb:2)
  2 wyverns
  A fire dragon skeleton (Coc:3)
  14 ynoxinuls
  An elf zombie (Depths:1)
  2 vampires
  9 fire elementals
  A human (shapeshifter) (Depths:2)
  27 yaks
  14 wraiths
  3 dire elephant simulacra (IceCv)
  A fire bat (Volcano)
  4 basilisks
  13 chaos spawn
  6 neqoxecs (Abyss:3)
  4 hungry ghosts
  2 spatial vortices (Abyss:3)
  A two-headed ogre zombie (Crypt:1)
  9 vampire mosquitoes
  2 harpy simulacra (IceCv)
  37 large abominations
  22 nagas
  A swamp worm (shapeshifter) (Depths:1)
  2 iron troll simulacra (IceCv)
  Edmund (D:5)
  3 hell hounds (Volcano)
  6 wargs
  A gelid demonspawn zombie (Crypt:1)
  4 spiny frog zombies
  3 hydra simulacra
  9 water moccasins
  5 porcupines
  7 ice beasts
  3 snapping turtle zombies
  39 orc warriors
  An eye of draining (shapeshifter) (Vaults:5)
  2 human zombies (Vaults:3)
  10 necrophages
  2 black bears
  A sky beast (D:13)
  3 spiny frog skeletons
  A hornet zombie (D:8)
  6 eyes of draining
  A phantom (Coc:3)
  15 wolves
  2 wolves (shapeshifter) (Abyss:3)
  4 ettin simulacra
  21 ogres
  2 boggarts
  A swamp dragon zombie (Crypt:2)
  A manticore skeleton (Pan)
  21 centaurs
  9 crocodiles
  A centaur (shapeshifter) (Vaults:5)
  A manticore zombie (Coc:7)
  2 snapping turtle skeletons
  A crocodile (shapeshifter) (Depths:1)
  5 big kobolds
  14 bullfrogs
  A wyvern zombie (D:11)
  3 earth elementals
  A spiny frog simulacrum (Coc:7)
  A scorpion (shapeshifter) (Abyss:3)
  26 small abominations
  A water moccasin zombie (D:5)
  5 scorpions
  A yak zombie (Crypt:1)
  2 wyvern skeletons
  A killer bee (shapeshifter) (Abyss:3)
  A spriggan zombie (Tomb:1)
  51 killer bees
  A troll zombie (Coc:7)
  27 wights
  2 electric eels
  11 crimson imps
  4 lava snakes (Volcano)
  47 starcursed masses (Abyss:3)
  2 bullfrog zombies
  5 jellies
  A hound (shapeshifter) (Abyss:3)
  12 hounds
  33 orc wizards
  27 orc priests
  6 iron imps
  2 iguanas (D:11)
  Natasha (thrice) (D:2)
  6 worker ants
  A worker ant (shapeshifter) (Vaults:3)
  A hound skeleton (D:5)
  29 mummies
  2 howler monkey zombies (D:6)
  A worker ant zombie (D:11)
  11 gnolls
  3 gnolls (shapeshifter) (Abyss:3)
  7 adders
  A river rat (shapeshifter) (Abyss:3)
  9 shadow imps
  25 white imps
  2 ufetubi (Abyss:3)
  2 oozes
  An iguana skeleton (Crypt:1)
  4 adder skeletons
  3 worms
  A ball lightning (Pan)
  3 dart slugs
  5 leopard geckos
  122 orcs
  A ball python (shapeshifter) (Abyss:3)
  6 giant cockroaches
  3 goblins
  A goblin (shapeshifter) (Abyss:3)
  2 hobgoblins (shapeshifter) (Abyss:3)
  7 hobgoblins
  18 jackals
  2 jackals (shapeshifter) (Abyss:3)
  9 quokkas
  A quokka (shapeshifter) (Abyss:3)
  A river rat zombie (Crypt:2)
  2 ball pythons
  A ball python skeleton (Crypt:2)
  5 bats
  5 frilled lizards
  2 frilled lizards (shapeshifter) (Abyss:3)
  A hobgoblin skeleton (Crypt:2)
  20 kobolds
  An orc skeleton (Coc:4)
  3 rats
  A rat skeleton (Crypt:2)
  4 crawling corpses
  2 plants (Lair:6)
  4 starspawn tentacles (Abyss:3)
  3 tentacles (Coc:5)
2803 creatures vanquished.

Vanquished Creatures (collateral kills)
  the Royal Jelly (Slime:5)
  A seraph (Pan)
  An orb of fire (Zot:4)
  4 greater mummies
  A shard shrike (Coc:4)
  A Killer Klown (Zig:8)
  Nikola (Snake:3)
  A golden dragon (Zot:3)
  A profane servitor (Depths:4)
  3 bone dragons
  7 liches
  Jorgrun (Depths:4)
  2 Ice Fiends
  A tentacled monstrosity (Abyss:3)
  2 Orb Guardians (Zot:5)
  2 hellephants
  A deep elf blademaster (Elf:2)
  Asterion (Elf:2)
  2 titans
  A quicksilver dragon (Depths:1)
  9 acid blobs
  An eldritch tentacle (Coc:7)
  3 death cobs
  3 Executioners
  Polyphemus (Shoals:3)
  2 sphinxes
  2 ancient champions (Crypt:2)
  Agnes (Elf:1)
  3 storm dragons
  Frances (Shoals:2)
  Donald (Snake:4)
  4 tengu reavers
  7 azure jellies
  2 shadow dragons
  5 nagarajas
  2 fire giants
  2 draconian monks (Zot:4)
  10 daevas
  2 draconian knights
  3 deep elf sorcerers (Elf:3)
  Aizul (Snake:3)
  10 angels (Pan)
  2 cacodemons
  6 frost giants
  A ghost moth (Zot:3)
  3 vault wardens
  2 juggernaut zombies (Hell)
  The ghost of crawlian the Devastator, an adept DEFE of Sif Muna (Snake:4)
  2 deep elf elementalists
  5 draconian annihilators
  A draconian shifter (Zot:4)
  11 very ugly things
  A war gargoyle (Vaults:5)
  11 apis (Pan)
  2 entropy weavers
  3 ironheart preservers
  8 ophanim (Pan)
  An elemental wellspring (Coc:7)
  3 reapers
  9 stone giants
  6 deep elf demonologists
  3 black draconians
  6 dire elephants (Lair:6)
  A spark wasp (Depths:1)
  7 deep elf annihilators
  A purple draconian (Depths:5)
  2 green draconians
  3 yellow draconians
  2 red draconians
  2 eidola
  2 merfolk javelineers (Shoals:4)
  6 blizzard demons
  7 deep elf death magi
  2 deep elf high priests
  5 merfolk impalers
  A green death (Abyss:3)
  3 quicksilver dragon zombies
  13 death oozes (Slime:5)
  A jiangshi (Crypt:3)
  7 fire dragons
  11 ettins
  4 great orbs of eyes
  A kraken zombie (Coc:5)
  8 ogre magi
  5 yaktaur captains
  2 mummy priests (Tomb:1)
  2 monstrous demonspawn (Pan)
  A hydra (D:11)
  10 ice dragons
  3 spriggan air magi
  2 hell beasts
  3 catoblepae
  11 rakshasas
  14 vault guards
  A quicksilver dragon skeleton (Coc:7)
  2 centaur warriors
  14 anacondas
  A death knight (Vaults:1)
  8 naga warriors
  2 merfolk avatars
  A satyr (Shoals:3)
  A merfolk aquamancer (Shoals:4)
  12 dancing weapons
  18 two-headed ogres
  5 death yaks
  3 tengu warriors
  2 deep troll earth magi
  4 death scarabs (Tomb:2)
  A vampire mage (Vaults:3)
  4 hell hogs
  6 shock serpents
  10 naga sharpshooters
  4 deep troll shamans
  10 thrashing horrors (Abyss:3)
  8 deep elf knights
  2 soul eaters (Hell)
  A spriggan berserker (Depths:2)
  An iron troll (Depths:1)
  6 wretched stars (Abyss:3)
  2 sixfirhies (Pan)
  6 sun demons
  19 skeletal warriors
  A titan skeleton (Coc:5)
  5 shadow wraiths
  A quicksilver dragon simulacrum (Coc:4)
  5 salamander mystics
  A shadow demon (Pan)
  5 cherubim (Pan)
  A gelid demonspawn (Pan)
  5 flayed ghosts
  2 torturous demonspawn (Pan)
  A spark wasp zombie (Hell)
  An unseen horror (shapeshifter) (Elf:1)
  6 glowing orange brains
  3 wizards
  A death drake (shapeshifter) (Vaults:3)
  7 deep trolls
  3 anaconda zombies
  6 ironbrand convokers
  3 unseen horrors
  3 phantasmal warriors
  6 naga ritualists
  A golden dragon skeleton (Coc:7)
  4 harpies
  2 infernal demonspawn (Pan)
  7 orc knights
  24 deep elf magi
  2 lindwurms (Snake:4)
  7 deep elf archers
  4 mana vipers
  2 anaconda skeletons
  A sphinx zombie (Hell)
  3 shining eyes (Slime:5)
  A shining eye (shapeshifter) (Elf:1)
  A shadow dragon skeleton (Coc:7)
  7 ugly things
  8 salamanders
  2 orc sorcerers
  3 manticores
  A frost giant zombie (Hell)
  3 fire giant zombies
  A faun (Shoals:1)
  2 cyclopes
  2 stone giant zombies (Hell)
  2 iron dragon skeletons
  5 moths of wrath
  An elephant (Lair:6)
  A human skeleton (Vaults:3)
  A salamander (shapeshifter) (Depths:1)
  A fire giant skeleton (Coc:5)
  6 guardian serpents
  3 ice statues
  A guardian serpent (shapeshifter) (Elf:2)
  2 merfolk sirens
  An eye of devastation (shapeshifter) (Vaults:5)
  An eye of devastation (Slime:5)
  3 orange demons
  10 smoke demons
  15 black mambas
  8 vault sentinels
  5 stone giant skeletons
  18 naga magi
  5 spiny frogs
  2 hellions (Pan)
  27 yaktaurs
  2 emperor scorpion zombies (Coc:7)
  13 freezing wraiths
  An efreet (Abyss:3)
  8 tormentors
  An anaconda simulacrum (IceCv)
  5 demonic crawlers (Pan)
  2 komodo dragons
  A silent spectre (Abyss:3)
  20 ice devils
  A catoblepas skeleton (Coc:5)
  6 guardian mummies
  2 spriggan zombies (Hell)
  A grey draconian skeleton (Crypt:2)
  2 ancient zymes (Abyss:3)
  5 red devils
  6 hydra zombies
  9 hellwings
  A troll (Orc:2)
  A polar bear (Lair:4)
  A harpy zombie (Coc:3)
  14 merfolk
  A jumping spider (Vaults:2)
  4 wind drakes
  2 hippogriffs
  A deep troll zombie (Hell)
  A moth of wrath zombie (Crypt:2)
  5 blink frogs
  A hydra skeleton (Coc:6)
  A harpy skeleton (Coc:5)
  7 raiju (Abyss:3)
  3 ettin zombies
  30 slime creatures
  3 alligator zombies
  A death drake skeleton (Crypt:1)
  4 dream sheep
  A fire dragon zombie (Hell)
  25 flying skulls
  An ice dragon skeleton (Coc:7)
  5 snapping turtles
  4 shadows
  4 ynoxinuls (Abyss:3)
  4 vampires
  A fire dragon skeleton (Coc:4)
  11 yaks
  3 water elementals
  A redback (shapeshifter) (Vaults:5)
  2 ushabtiu
  A basilisk (Lair:6)
  6 redbacks (Snake:4)
  3 wraiths
  A hog (Snake:4)
  A hog (shapeshifter) (Elf:3)
  6 fire elementals
  5 golden eyes (Slime:5)
  A chaos spawn (Abyss:3)
  16 large abominations
  2 vampire mosquitoes (D:12)
  3 neqoxecs (Abyss:3)
  A warg (Orc:2)
  4 insubstantial wisps (Abyss:3)
  8 water moccasins
  17 nagas
  An acid dragon (Vaults:2)
  6 spiny frog zombies
  A porcupine (Lair:5)
  A manticore zombie (Coc:5)
  2 ice beasts
  A sky beast (D:12)
  4 spiny frog skeletons
  A monstrous demonspawn skeleton (Crypt:1)
  An alligator simulacrum (Coc:7)
  9 orc warriors
  20 starcursed masses (Abyss:3)
  3 eyes of draining
  11 ogres
  2 necrophages
  4 boggarts
  4 small abominations
  2 wolves
  6 centaurs
  A manticore skeleton (Coc:3)
  2 komodo dragon zombies (Lair:6)
  2 bullfrogs
  An earth elemental (Elf:3)
  A wyvern skeleton (D:13)
  A yak zombie (Lair:6)
  2 killer bees (Lair:1)
  5 wights
  3 crimson imps
  A quasit (Abyss:3)
  A human simulacrum (Vaults:2)
  4 orc priests
  10 orc wizards
  3 iron imps (Abyss:3)
  A demigod zombie (Crypt:1)
  An ogre zombie (Coc:3)
  A deep dwarf skeleton (Crypt:1)
  An acid dragon skeleton (Crypt:1)
  A naga skeleton (Coc:7)
  2 mummies (Tomb:1)
  A shadow imp (Abyss:3)
  14 white imps
  An ufetubus (Abyss:3)
  A ball lightning (Pan)
  27 orcs
  A ball python skeleton (Crypt:1)
  A goblin (Orc:1)
  A kobold (Orc:1)
  3 bushes
  3 crawling corpses
  26 fungi
  28 plants
  4 starspawn tentacles (Abyss:3)
  A tentacle (Coc:5)
1303 creatures vanquished.

Vanquished Creatures (others)
  11 profane servitors
  5 bone dragons
  2 deep elf master archers (Elf:3)
  An ancient champion (Tomb:2)
  2 eldritch tentacles
  A vault warden (Vaults:2)
  A deep elf elementalist (Vaults:5)
  A spectral tengu (Elf:3)
  A spectral titan (Pan)
  spectral Gloorx Vloq (Pan)
  18 ghouls
  2 elemental wellsprings (Coc:7)
  A Killer Klown zombie (Zot:5)
  20 vampire knights
  A bennu (Tomb:1)
  A blizzard demon (Pan)
  A two-headed ogre (Vaults:5)
  A deep troll earth mage (Depths:1)
  A storm dragon zombie (Zot:4)
  9 skeletal warriors
  A golden dragon zombie (Zot:5)
  22 flayed ghosts
  An unseen horror (shapeshifter) (Depths:1)
  A golden dragon skeleton (Tomb:2)
  2 deep elf archers
  A shadow dragon zombie (Zot:5)
  An entropy weaver zombie (Vaults:5)
  A sphinx zombie (Tomb:1)
  An anaconda skeleton (Lair:6)
  20 phantasmal warriors
  A deep elf mage (Elf:3)
  2 ugly thing zombies (Depths:1)
  A faun (Shoals:1)
  A cyclops (Shoals:3)
  2 draconian zombies (Zot:4)
  2 apis zombies (Pan)
  A shock serpent zombie (Snake:3)
  A frost giant skeleton (Coc:7)
  A smoke demon (Pan)
  A demonspawn zombie (Pan)
  A red draconian zombie (Zot:4)
  A death yak zombie (Lair:5)
  A yellow draconian zombie (Zot:4)
  4 yaktaurs
  A komodo dragon (shapeshifter) (Elf:1)
  2 moth of wrath zombies (Zot:4)
  A jumping spider zombie (Vaults:5)
  A fire dragon zombie (Depths:5)
  An air elemental (Elf:1)
  7 flying skulls
  3 black mamba zombies
  A wraith (D:12)
  16 vampires
  A human (Snake:4)
  An elf zombie (Depths:5)
  A torturous demonspawn zombie (Pan)
  2 deep troll zombies (Depths:2)
  An infernal demonspawn zombie (Pan)
  2 monstrous demonspawn zombies (Pan)
  A spiny frog zombie (Lair:4)
  An ogre zombie (Vaults:2)
  A blink frog zombie (Lair:6)
  2 centaurs
  3 dream sheep zombies (Lair:6)
  3 vampire mosquito zombies
  A hippogriff zombie (D:13)
  2 komodo dragon zombies (Lair:6)
  A hog skeleton (Snake:4)
  3 salamander zombies
  3 water moccasin zombies
  A yak zombie (Lair:6)
  2 wights (Lair:2)
  2 bullfrog zombies (D:14)
  A centaur zombie (D:13)
  An orc priest (Elf:1)
  A killer bee zombie (Lair:1)
  A sky beast zombie (D:13)
  6 naga zombies
  A mummy (Lair:5)
  A scorpion zombie (D:14)
  2 white imps (Coc:7)
  24 ball lightnings (Pan)
  2 orcs (Elf:1)
  9 orc zombies
  A crawling corpse (Elf:3)
  17 fungi
  2 lurking horrors (Abyss:3)
  16 plants
  8 starspawn tentacles (Abyss:3)
  10 tentacles (Coc:5)
322 creatures vanquished.

Grand Total: 4428 creatures vanquished

Notes
Turn   | Place    | Note
-------+----------+-------------------------------------------
     0 | D:1      | vishdafish the Demonspawn Fighter began the quest for the Orb.
     0 | D:1      | Reached XP level 1. HP: 18/18 MP: 1/1
    25 | D:1      | Noticed a lindwurm
    25 | D:1      | Noticed a rime drake
    25 | D:1      | Noticed a black bear
    25 | D:1      | Noticed an iguana
    25 | D:1      | Noticed a black mamba
   103 | D:1      | Gained mutation: You have a pair of small horns on your head. [demonic ancestry]
   103 | D:1      | Reached XP level 2. HP: 22/24 MP: 2/2
   485 | D:1      | Gained mutation: You regenerate a little health from kills. [demonic ancestry]
   485 | D:1      | Reached XP level 3. HP: 29/29 MP: 3/3
   786 | D:2      | Noticed Natasha
   793 | D:2      | Killed Natasha
   854 | D:2      | Reached XP level 4. HP: 34/35 MP: 4/4
   921 | D:2      | Noticed Natasha
   930 | D:2      | Killed Natasha
  1062 | D:2      | Noticed Natasha
  1088 | D:2      | Killed Natasha
  1518 | D:2      | Gained mutation: You have a pair of horns on your head. [demonic ancestry]
  1518 | D:2      | Reached XP level 5. HP: 40/42 MP: 5/5
  1749 | D:4      | Noticed vishdafish's ghost (amateur DsFi)
  1777 | D:4      | Killed vishdafish's ghost
  1777 | D:4      | Reached skill level 4 in Fighting
  1777 | D:4      | Gained mutation: When hurt, damage is shared between your health and your magic reserves. [demonic ancestry]
  1777 | D:4      | Reached XP level 6. HP: 8/48 MP: 6/6
  3414 | D:4      | Gained mutation: You are partially covered in slimy green scales. (AC +2) [demonic ancestry]
  3414 | D:4      | Reached XP level 7. HP: 54/55 MP: 5/7
  3845 | D:5      | Entered Level 5 of the Dungeon
  3942 | D:5      | Noticed Edmund
  3958 | D:5      | Killed Edmund
  3958 | D:5      | Reached skill level 5 in Long Blades
  3958 | D:5      | Reached skill level 1 in Dodging
  3958 | D:5      | Reached skill level 1 in Evocations
  4311 | D:5      | Found a glowing silver altar of Zin.
  4497 | D:5      | Gained mutation: You have a pair of large horns on your head. [demonic ancestry]
  4497 | D:5      | Reached XP level 8. HP: 60/61 MP: 10/10
  4655 | D:5      | Got a warped chain mail
  4666 | D:5      | Identified the +1 chain mail of Servitude {Dex+4 Slay+2 Stlth-} (You found it on level 5 of the Dungeon)
  4897 | D:6      | Noticed vishdafish's ghost (amateur DsFi)
  4912 | D:6      | Killed vishdafish's ghost
  5058 | D:6      | Reached skill level 5 in Evocations
  5395 | D:6      | Reached skill level 5 in Dodging
  5395 | D:6      | Gained mutation: You regenerate magic rapidly. [demonic ancestry]
  5395 | D:6      | Reached XP level 9. HP: 66/66 MP: 12/12
  5522 | D:6      | Noticed Pikel
  5576 | D:6      | Killed Pikel
  5795 | D:6      | Found a burning altar of Makhleb.
  6035 | D:7      | Found a staircase to the Ecumenical Temple.
  6070 | Temple   | Entered the Ecumenical Temple
  6481 | D:7      | Noticed Prince Ribbit
  7473 | D:8      | Reached XP level 10. HP: 73/73 MP: 13/13
  7881 | D:8      | Learned a level 3 spell: Regeneration
  8129 | D:9      | Reached skill level 10 in Dodging
  8430 | D:9      | Noticed a green ugly thing
  8440 | D:9      | Killed a green ugly thing
  8602 | D:9      | Found an opulent altar of Gozag.
  8606 | D:9      | Found a bloodstained altar of Trog.
  8608 | D:9      | Found a shattered altar of Ashenzari.
  8611 | D:9      | Found a basalt altar of Yredelemnul.
  8615 | D:9      | Became a worshipper of Yredelemnul the Dark
  8664 | D:10     | Entered Level 10 of the Dungeon
  8796 | D:10     | Reached skill level 5 in Fighting
  9166 | D:10     | Found Jiarexi's Antique Armour Shop.
  9197 | D:10     | Reached skill level 5 in Shields
  9255 | D:10     | Reached skill level 5 in Armour
  9295 | D:10     | Noticed a two-headed ogre
  9302 | D:10     | Killed a two-headed ogre
  9475 | D:10     | Found a staircase to the Lair.
  9526 | D:10     | Gained mutation: You are mostly covered in slimy green scales. (AC +3) [demonic ancestry]
  9526 | D:10     | Reached XP level 11. HP: 60/81 MP: 14/14
  9771 | D:10     | Reached * piety under Yredelemnul
  9779 | D:10     | Reached skill level 6 in Fighting
  9904 | D:10     | Noticed a three-headed hydra
  9921 | D:10     | Killed a one-headed hydra
 10102 | D:11     | Paralysed by a hornet for 2 turns
 10394 | D:11     | Noticed a two-headed ogre
 10401 | D:11     | Killed a two-headed ogre
 10401 | D:11     | Reached ** piety under Yredelemnul
 10480 | D:11     | Found Saromiug's Magic Scroll Boutique.
 10563 | D:11     | Noticed a brown ugly thing
 10567 | D:11     | Killed a brown ugly thing
 10567 | D:11     | Reached skill level 7 in Fighting
 10616 | D:11     | Noticed a two-headed ogre
 10624 | D:11     | Killed a two-headed ogre
 10647 | D:11     | Noticed Maurice
 10654 | D:11     | Killed Maurice
 10695 | Lair:1   | Entered Level 1 of the Lair of Beasts
 10752 | Lair:1   | Noticed a four-headed hydra
 10762 | Lair:1   | Killed a one-headed hydra
 10957 | Lair:1   | Gained mutation: When low on magic, you restore magic in place of health. [demonic ancestry]
 10957 | Lair:1   | Reached XP level 12. HP: 86/91 MP: 15/15
 11166 | Lair:1   | Reached *** piety under Yredelemnul
 11221 | Lair:1   | Noticed Harold
 11256 | Lair:1   | Killed Harold
 11256 | Lair:1   | Reached skill level 10 in Long Blades
 11259 | Lair:1   | Identified the +2 robe of the Shore {Str+5 Int+3} (You found it on level 1 of the Lair of Beasts)
 11329 | Lair:1   | Received a gift from Yredelemnul (a wight)
 11897 | Lair:2   | Found a staircase to the Shoals.
 12294 | Lair:1   | Received a gift from Yredelemnul (a wight)
 12412 | Lair:2   | Found a staircase to the Snake Pit.
 12425 | Lair:2   | Reached skill level 5 in Invocations
 12702 | Lair:2   | Noticed a catoblepas
 12806 | Lair:2   | Killed a catoblepas
 13537 | Lair:3   | Noticed a death yak
 13537 | Lair:3   | Noticed a death yak
 13581 | Lair:3   | Noticed a death yak
 13598 | Lair:2   | Killed a death yak
 13641 | Lair:2   | Killed a death yak
 13653 | Lair:3   | Killed a death yak
 13653 | Lair:3   | Reached skill level 8 in Fighting
 13653 | Lair:3   | Reached skill level 1 in Spellcasting
 13824 | Lair:3   | Noticed an eight-headed hydra
 13839 | Lair:3   | Killed a three-headed hydra
 14148 | Lair:3   | Received a gift from Yredelemnul (2 flying skulls)
 14738 | Lair:4   | Gained mutation: You are completely covered in slimy green scales. (AC +4, rPois) [demonic ancestry]
 14738 | Lair:4   | Reached XP level 13. HP: 98/98 MP: 19/19
 14745 | Lair:4   | Reached **** piety under Yredelemnul
 15254 | Lair:5   | Received a gift from Yredelemnul (a mummy)
 15342 | Lair:5   | Reached skill level 9 in Fighting
 15343 | Lair:5   | Received a gift from Yredelemnul (4 flying skulls)
 16440 | Lair:6   | Entered Level 6 of the Lair of Beasts
 16641 | Lair:6   | Identified the +7 chain mail of Moingaby {rF++ Str+3} (You found it on level 6 of the Lair of Beasts)
 16705 | Lair:6   | Reached skill level 5 in Spellcasting
 16811 | Lair:6   | Received a gift from Yredelemnul (4 flying skulls)
 16813 | Lair:6   | Found a viscous altar of Jiyva.
 16814 | Lair:6   | Found a staircase to the Slime Pits.
 17505 | Lair:6   | Noticed a dire elephant
 17522 | Lair:6   | Killed a dire elephant
 17727 | Lair:6   | Noticed a dire elephant
 17727 | Lair:6   | Noticed a dire elephant
 17732 | Lair:6   | Reached skill level 1 in Necromancy
 17733 | Lair:6   | Killed a dire elephant
 17745 | Lair:6   | Killed a dire elephant
 17848 | Lair:6   | Noticed a dire elephant
 17879 | Lair:6   | Killed a dire elephant
 18206 | Lair:6   | Noticed a dire elephant
 18245 | Lair:6   | Killed a dire elephant
 18245 | Lair:6   | Gained mutation: You regenerate health from kills. [demonic ancestry]
 18245 | Lair:6   | Reached XP level 14. HP: 48/109 MP: 14/21
 18461 | Lair:6   | Reached skill level 10 in Fighting
 18845 | D:11     | Received a gift from Yredelemnul (a phantasmal warrior)
 19023 | D:12     | Reached ***** piety under Yredelemnul
 19136 | D:12     | Received a gift from Yredelemnul (a wraith)
 19140 | D:12     | Found a staircase to the Orcish Mines.
 19214 | D:12     | Got a pair of ancient boots
 19225 | D:12     | Identified the +1 pair of boots of the Endless Expanse {MR+ Str+4} (You found it on level 12 of the Dungeon)
 19522 | D:12     | You fall through a shaft!
 19525 | D:13     | Received a gift from Yredelemnul (a vampire)
 20077 | D:13     | Found a portal to a secret trove of treasure.
 20240 | D:13     | Found a gate to the Vaults.
 20517 | D:13     | You fall through a shaft for 2 floors!
 20517 | D:15     | Entered Level 15 of the Dungeon
 20578 | D:14     | Found a labyrinth entrance.
 20587 | Lab      | Entered a labyrinth
 21264 | Lab      | Got a coiled wooden ring
 21265 | Lab      | Identified the ring of Due Proportion {Ice Str+4} (You took it off a minotaur in a labyrinth)
 21286 | Lab      | Identified the +5 ring mail of Qeh Animiosu {rN+ Dex+2 Slay+4} (You found it in a labyrinth)
 21488 | D:14     | Noticed Roxanne
 21597 | D:14     | Killed Roxanne
 21597 | D:14     | Reached skill level 5 in Necromancy
 21600 | D:14     | Identified Roxanne's Catalogue of Stones (You took it off Roxanne on level 14 of the Dungeon)
 21607 | D:14     | Learned a level 5 spell: Lee's Rapid Deconstruction
 21838 | D:14     | Received a gift from Yredelemnul (a vampire)
 21864 | D:14     | Reached skill level 10 in Armour
 22041 | D:15     | Found an iron altar of Okawaru.
 22503 | D:15     | Found a staircase to the Depths.
 22682 | Orc:1    | Entered Level 1 of the Orcish Mines
 22685 | Orc:1    | Reached XP level 15. HP: 117/117 MP: 22/22
 22693 | Orc:1    | Received a gift from Yredelemnul (a flayed ghost)
 22842 | Orc:1    | Found a bloodstained altar of Trog.
 22907 | Orc:2    | Entered Level 2 of the Orcish Mines
 22975 | Orc:2    | Found a staircase to the Elven Halls.
 23003 | Orc:2    | Noticed Saint Roka
 23005 | Orc:2    | Reached skill level 10 in Shields
 23008 | Orc:2    | Received a gift from Yredelemnul (a skeletal warrior)
 23022 | Orc:2    | Reached skill level 11 in Fighting
 23022 | Orc:2    | Received a gift from Yredelemnul (a flayed ghost)
 23026 | Orc:2    | Killed Saint Roka
 23047 | Orc:2    | Reached ****** piety under Yredelemnul
 23084 | Orc:2    | Found Cirompa's Antique Weapon Shoppe.
 23084 | Orc:2    | Found a roughly hewn altar of Beogh.
 23088 | Orc:2    | Found Riozil's Antique Armour Emporium.
 23256 | Orc:2    | Found a roughly hewn altar of Beogh.
 23257 | Orc:2    | Found Opofoc's Antique Armour Boutique.
 23271 | Orc:2    | Found a roughly hewn altar of Beogh.
 23293 | Orc:2    | Found Giepurue's Distillery.
 23329 | Orc:2    | Found a dark tunnel.
 23334 | Volcano  | Entered a volcano
 23450 | Volcano  | Received a gift from Yredelemnul (a flayed ghost)
 23594 | Volcano  | Found a bloodstained altar of Trog.
 23801 | Orc:2    | Found a roughly hewn altar of Beogh.
 23831 | Orc:2    | Learned a level 2 spell: Song of Slaying
 23832 | Orc:2    | Found Wuhuimp's Book Boutique.
 23903 | Orc:2    | Found a roughly hewn altar of Beogh.
 23980 | Orc:2    | Reached skill level 1 in Charms
 23981 | Orc:2    | Received a gift from Yredelemnul (a vampire knight)
 24078 | Orc:2    | Bought a bloodstained shield for 256 gold pieces
 24078 | Orc:2    | Identified the +2 shield "Wawnyoda" {rElec Slay+6} (You bought it in a shop on level 2 of the Orcish Mines)
 24114 | Orc:2    | Found a roughly hewn altar of Beogh.
 24168 | Orc:2    | Found a roughly hewn altar of Beogh.
 24374 | Orc:2    | Found a roughly hewn altar of Beogh.
 24378 | Orc:2    | Received a gift from Yredelemnul (a ghoul)
 24476 | Orc:1    | Found Astremnuv's Food Emporium.
 24522 | Orc:1    | Found Guros's Antique Armour Shop.
 24819 | Snake:1  | Entered Level 1 of the Snake Pit
 24918 | Snake:1  | Received a gift from Yredelemnul (a vampire)
 25031 | Snake:1  | Found a burning altar of Makhleb.
 25204 | Snake:1  | Reached skill level 5 in Charms
 25394 | Snake:2  | Noticed a nagaraja
 25405 | Snake:1  | Received a gift from Yredelemnul (a phantasmal warrior)
 25662 | Snake:2  | Killed a nagaraja
 26102 | Snake:2  | Noticed a nagaraja
 26107 | Snake:2  | Killed a nagaraja
 26118 | Snake:2  | Received a gift from Yredelemnul (a vampire)
 26404 | Snake:2  | Gained mutation: Your flesh is cold resistant. (rC+) [demonic ancestry]
 26404 | Snake:2  | Reached XP level 16. HP: 111/125 MP: 21/23
 26588 | Snake:3  | Noticed Nikola
 26598 | Snake:3  | Killed Nikola
 26607 | Snake:3  | Reached skill level 10 in Charms
 26852 | Snake:3  | Received a gift from Yredelemnul (a phantasmal warrior)
 26898 | Snake:3  | Noticed Vashnia
 26935 | Snake:3  | Killed Vashnia
 27089 | Snake:3  | Received a gift from Yredelemnul (a profane servitor)
 27201 | Snake:3  | Found Kekula's Distillery.
 27206 | Snake:3  | Bought a potion of heal wounds for 80 gold pieces
 27210 | Snake:3  | Noticed Aizul
 27215 | Snake:3  | Killed Aizul
 27221 | Snake:3  | Bought a potion of curing for 48 gold pieces
 27570 | Snake:4  | Entered Level 4 of the Snake Pit
 27570 | Snake:4  | Noticed Kirke
 27576 | Snake:4  | Killed Kirke
 27583 | Snake:4  | Received a gift from Yredelemnul (a bone dragon)
 27619 | Snake:4  | Noticed crawlian's ghost (adept DEFE)
 27625 | Snake:4  | Killed crawlian's ghost
 28040 | Snake:4  | Noticed Donald
 28048 | Snake:4  | Killed Donald
 28146 | Snake:4  | Received a gift from Yredelemnul (a profane servitor)
 28204 | Snake:4  | Received a gift from Yredelemnul (a skeletal warrior)
 28346 | Snake:4  | Gained mutation: You regenerate a lot of health from kills. [demonic ancestry]
 28346 | Snake:4  | Reached XP level 17. HP: 131/131 MP: 26/26
 28385 | Snake:4  | Received a gift from Yredelemnul (a vampire knight)
 28444 | Snake:4  | Received a gift from Yredelemnul (a skeletal warrior)
 28465 | Snake:4  | Got a serpentine rune of Zot
 28840 | Vaults:1 | Entered Level 1 of the Vaults
 28855 | Vaults:1 | Found a flickering gateway to a bazaar.
 28873 | Vaults:1 | Received a gift from Yredelemnul (a ghoul)
 28904 | Vaults:1 | Received a gift from Yredelemnul (a flayed ghost)
 28938 | Bazaar   | Entered a bazaar
 28942 | Bazaar   | Found Hoinnuma's Weapon Boutique.
 28960 | Bazaar   | Found Puxzeul's Distillery.
 28977 | Bazaar   | Found Larphi Hele's Book Boutique.
 28994 | Bazaar   | Found Inoisk's Antique Weapon Shoppe.
 29042 | Bazaar   | Bought a potion of agility for 52 gold pieces
 29042 | Bazaar   | Bought a potion of curing for 39 gold pieces
 29042 | Bazaar   | Bought a potion of mutation for 104 gold pieces
 29042 | Bazaar   | Bought 2 potions of curing for 78 gold pieces
 29042 | Bazaar   | Bought a potion of might for 52 gold pieces
 29042 | Bazaar   | Bought a potion of might for 52 gold pieces
 29042 | Bazaar   | Bought a potion of agility for 52 gold pieces
 29042 | Bazaar   | Bought a potion of curing for 39 gold pieces
 29042 | Bazaar   | Bought a potion of heal wounds for 65 gold pieces
 29042 | Bazaar   | Bought a potion of magic for 104 gold pieces
 29139 | Vaults:1 | Identified the +7 chain mail of the Hart {rC+ rN+} (You found it on level 1 of the Vaults)
 29189 | Vaults:1 | Received a gift from Yredelemnul (a phantasmal warrior)
 29259 | Vaults:1 | Reached skill level 12 in Fighting
 29319 | Vaults:1 | Received a gift from Yredelemnul (a ghoul)
 30293 | Vaults:2 | Reached XP level 18. HP: 140/140 MP: 28/30
 30300 | Vaults:2 | Received a gift from Yredelemnul (a skeletal warrior)
 30321 | Vaults:2 | Found a magical portal.
 30361 | Vaults:2 | Found a flickering gateway to a bazaar.
 30370 | Bazaar   | Entered a bazaar
 30374 | Bazaar   | Found Deczennol's Gadget Boutique.
 30382 | Bazaar   | Found Xunokk Cewo's Magic Scroll Boutique.
 30390 | Bazaar   | Bought a scroll of teleportation for 45 gold pieces
 30393 | Bazaar   | Found Abiliaqa's General Store.
 30401 | Bazaar   | Bought a potion of cancellation for 80 gold pieces
 30401 | Bazaar   | Bought 2 potions of curing for 60 gold pieces
 30406 | Bazaar   | Found Veyn Vie's Antique Weapon Shop.
 30414 | Bazaar   | Found Zius's Antique Armour Shop.
 30499 | WizLab   | Entered Wucad Mu's Monastery
 30737 | WizLab   | Found the +9 staff of Wucad Mu {channel}
 30779 | WizLab   | Reached XP level 19. HP: 133/147 MP: 32/32
 31078 | Vaults:2 | Received a gift from Yredelemnul (a skeletal warrior)
 31173 | Vaults:2 | Received a gift from Yredelemnul (a flayed ghost)
 31488 | Vaults:2 | Reached skill level 10 in Spellcasting
 31848 | Vaults:3 | Received a gift from Yredelemnul (a vampire knight)
 32092 | Vaults:3 | Received a gift from Yredelemnul (a skeletal warrior)
 32100 | Vaults:3 | Reached skill level 13 in Fighting
 32291 | Vaults:3 | Received a gift from Yredelemnul (a flayed ghost)
 32611 | Vaults:3 | Found a staircase to the Crypt.
 33047 | Depths:1 | Entered Level 1 of the Depths
 33074 | Depths:1 | Received a gift from Yredelemnul (a vampire)
 33183 | Depths:1 | Gained mutation: You are immune to freezing clouds. [demonic ancestry]
 33183 | Depths:1 | Reached XP level 20. HP: 156/156 MP: 35/35
 33239 | Depths:1 | Received a gift from Yredelemnul (a vampire knight)
 33291 | Depths:1 | Found Wecserch's Armour Emporium.
 33291 | Depths:1 | Found Engit's Jewellery Shoppe.
 33292 | Depths:1 | Found Anlexoh's Magic Scroll Emporium.
 33299 | Depths:1 | Found Laps's Armour Shoppe.
 33380 | Depths:1 | Found the +2 hat of the Bear Spirit {Spirit, +Rage rN+ MR++}
 33402 | Depths:1 | Found a gateway to Hell.
 33445 | Depths:1 | Received a gift from Yredelemnul (a flayed ghost)
 33787 | Depths:1 | Received a gift from Yredelemnul (a flayed ghost)
 33917 | Depths:1 | Found the brooch of Shielding {Reflect SH+8}
 33950 | Depths:1 | Identified the ring of Beniocug {rPois SInv} (You found it on level 1 of the Depths)
 34418 | Depths:2 | Received a gift from Yredelemnul (a phantasmal warrior)
 34484 | Depths:3 | Found a one-way gate leading to the halls of Pandemonium.
 34641 | Depths:3 | Received a gift from Yredelemnul (a flayed ghost)
 34697 | Depths:3 | Found Nyoroarch's Jewellery Shoppe.
 34698 | Depths:3 | Found Puem's Gadget Shop.
 34700 | Depths:3 | Found Birisk's Jewellery Shoppe.
 34815 | Depths:3 | Found a flickering gateway to a bazaar.
 34821 | Bazaar   | Entered a bazaar
 34821 | Bazaar   | Found Xepiuz's Weapon Shoppe.
 34821 | Bazaar   | Found Gasmerei's Gadget Emporium.
 34825 | Bazaar   | Found Kiakid's Armour Shoppe.
 34839 | Bazaar   | Found Ostiesor's Weapon Emporium.
 35094 | Depths:3 | Received a gift from Yredelemnul (a profane servitor)
 35365 | Depths:4 | Found a one-way gate to the infinite horrors of the Abyss.
 35382 | Depths:4 | Found Ugo Taymno's Distillery.
 35386 | Depths:4 | Found Xowas's Gadget Shop.
 35390 | Depths:4 | Bought a potion of curing for 63 gold pieces
 35390 | Depths:4 | Bought a potion of curing for 63 gold pieces
 35436 | Depths:4 | Received a gift from Yredelemnul (a phantasmal warrior)
 35484 | Depths:4 | Noticed Jorgrun
 35490 | Depths:4 | Killed Jorgrun
 35508 | Depths:4 | Noticed Sojobo
 35517 | Depths:4 | Killed Sojobo
 35517 | Depths:4 | Enslaved Sojobo
 35788 | Depths:4 | Reached skill level 15 in Long Blades
 35972 | Depths:4 | Found a gateway to a ziggurat.
 36061 | Depths:5 | Entered Level 5 of the Depths
 36102 | Depths:5 | Reached skill level 14 in Fighting
 36416 | Depths:5 | Reached XP level 21. HP: 139/165 MP: 32/36
 36489 | Depths:5 | Found Zeysm's Magic Scroll Boutique.
 36492 | Depths:5 | Bought a scroll of teleportation for 39 gold pieces
 36605 | Depths:5 | Found a gate to the Realm of Zot.
 36758 | Depths:5 | Cast into level 3 of the Abyss (a lich)
 36758 | Abyss:3  | Found a corrupted altar of Lugonu.
 36813 | Abyss:3  | Received a gift from Yredelemnul (a flayed ghost)
 36961 | Abyss:3  | Received a gift from Yredelemnul (a flayed ghost)
 36977 | Abyss:3  | Gained mutation: Your magical capacity is low. (-10% MP) [a neqoxec]
 36988 | Abyss:3  | Found a corrupted altar of Lugonu.
 37017 | Abyss:3  | Received a gift from Yredelemnul (a flayed ghost)
 37045 | Abyss:3  | Paralysed by accursed screaming for 1 turns
 37053 | Abyss:3  | Received a gift from Yredelemnul (a bone dragon)
 37104 | Abyss:3  | Paralysed by accursed screaming for 1 turns
 37112 | Abyss:3  | Received a gift from Yredelemnul (a ghoul)
 37113 | Abyss:3  | Paralysed by accursed screaming for 1 turns
 37120 | Abyss:3  | Received a gift from Yredelemnul (a vampire knight)
 37194 | Abyss:3  | Received a gift from Yredelemnul (a vampire)
 37448 | Abyss:3  | Received a gift from Yredelemnul (a vampire knight)
 37450 | Abyss:3  | Gained mutation: You are clumsy. (Dex -2) [a neqoxec]
 37452 | Abyss:3  | Gained mutation: You occasionally shout uncontrollably at your foes. [a neqoxec]
 37455 | Abyss:3  | Gained mutation: You are frail. (-10% HP) [a neqoxec]
 37456 | Abyss:3  | Gained mutation: You are covered in fur. (AC +1) [a neqoxec]
 37505 | Abyss:3  | Received a gift from Yredelemnul (a vampire)
 37572 | Abyss:3  | Received a gift from Yredelemnul (a ghoul)
 37629 | Abyss:3  | Received a gift from Yredelemnul (a vampire knight)
 37700 | Abyss:3  | Received a gift from Yredelemnul (a flayed ghost)
 37745 | Abyss:3  | Received a gift from Yredelemnul (a skeletal warrior)
 37892 | Abyss:3  | Received a gift from Yredelemnul (a ghoul)
 38013 | Abyss:3  | Received a gift from Yredelemnul (a profane servitor)
 38076 | Abyss:3  | Received a gift from Yredelemnul (a vampire knight)
 38076 | Abyss:3  | Paralysed by accursed screaming for 1 turns
 38101 | Abyss:3  | Gained mutation: Scrolls take you a little longer to read. [a neqoxec]
 38175 | Abyss:3  | Reached XP level 22. HP: 150/156 MP: 31/33
 38221 | Abyss:3  | Received a gift from Yredelemnul (a phantasmal warrior)
 38330 | Abyss:3  | Received a gift from Yredelemnul (a vampire knight)
 38384 | Abyss:3  | Received a gift from Yredelemnul (a phantasmal warrior)
 38410 | Abyss:3  | Reached skill level 15 in Fighting
 38488 | Depths:5 | Escaped the Abyss
 39065 | Elf:1    | Entered Level 1 of the Elven Halls
 39069 | Elf:1    | Received a gift from Yredelemnul (a vampire)
 39342 | Elf:1    | Noticed Agnes
 39344 | Elf:1    | Killed Agnes
 39408 | Elf:1    | Received a gift from Yredelemnul (a ghoul)
 39600 | Elf:1    | Received a gift from Yredelemnul (a vampire knight)
 39938 | Elf:2    | Noticed Asterion
 39952 | Elf:2    | Killed Asterion
 39960 | Elf:2    | Identified the +7 shield of Wilineug {Str+3} (You took it off Asterion on level 2 of the Elven Halls)
 40023 | Elf:2    | Received a gift from Yredelemnul (a vampire)
 40367 | Elf:2    | Found a runed gate.
 40367 | Elf:2    | Found a runed gate.
 40367 | Elf:2    | Found a runed gate.
 40748 | Elf:3    | Entered Level 3 of the Elven Halls
 40959 | Elf:3    | Found a frozen archway.
 40965 | IceCv    | Entered an ice cave
 41088 | IceCv    | Received a gift from Yredelemnul (a vampire knight)
 41324 | IceCv    | Received a gift from Yredelemnul (a vampire)
 41585 | Elf:3    | Received a gift from Yredelemnul (a phantasmal warrior)
 41783 | Elf:3    | Reached XP level 23. HP: 114/164 MP: 24/34
 41800 | Elf:3    | Your ally Sojobo died
 41819 | Elf:3    | Received a gift from Yredelemnul (a phantasmal warrior)
 41909 | Elf:3    | Identified the +1 great sword of Nuykk {slice, Str+3 Int+5} (You took it off a deep elf mage on level 3 of the Elven Halls)
 42063 | Elf:3    | Identified the +7 plate armour "Piosohoj" {Dex+6} (You found it on level 3 of the Elven Halls)
 42080 | Elf:3    | Identified the ring of Eternity {rPois rF+ rC+ Slay+2} (You took it off a deep elf archer on level 3 of the Elven Halls)
 42099 | Elf:3    | Identified the +1 scale mail of Analysis {Str+7} (You found it on level 3 of the Elven Halls)
 42109 | Elf:3    | Identified the +7 trident "Memasch" {venom, *Noise Dex+9} (You found it on level 3 of the Elven Halls)
 42129 | Elf:3    | Identified the ring "Cuqa" {rN+ Str+2} (You found it on level 3 of the Elven Halls)
 42147 | Elf:3    | Identified Sif Muna's Papyrus of Stones and Feathers
 42154 | Elf:3    | Learned a level 5 spell: Borgnjor's Vile Clutch
 42159 | Elf:3    | Learned a level 2 spell: Passwall
 42302 | Elf:3    | Lost mutation: Your magical capacity is low. (-10% MP) [potion of mutation]
 42302 | Elf:3    | Lost mutation: You occasionally shout uncontrollably at your foes. [potion of mutation]
 42302 | Elf:3    | Gained mutation: Your natural rate of healing is unusually fast. [potion of mutation]
 42302 | Elf:3    | Lost mutation: You are frail. (-10% HP) [potion of mutation]
 42303 | Elf:3    | Lost mutation: You are clumsy. (Dex -2) [potion of mutation]
 42303 | Elf:3    | Lost mutation: Scrolls take you a little longer to read. [potion of mutation]
 42303 | Elf:3    | Gained mutation: You have large cloven feet. [potion of mutation]
 42303 | Elf:3    | Gained mutation: You evolve. [potion of mutation]
 42303 | Elf:3    | Lost mutation: You have large cloven feet. [potion of mutation]
 42303 | Elf:3    | Gained mutation: You are agile. (Dex +2) [potion of mutation]
 42591 | Vaults:4 | Received a gift from Yredelemnul (a profane servitor)
 42845 | Vaults:4 | Received a gift from Yredelemnul (a flayed ghost)
 43031 | Vaults:4 | Reached skill level 16 in Fighting
 43041 | Vaults:4 | Reached skill level 1 in Earth Magic
 43346 | Vaults:4 | Gained mutation: You have supernaturally acute eyesight. (SInv) [evolution]
 43664 | Vaults:5 | Entered Level 5 of the Vaults
 43684 | Vaults:5 | Reached skill level 15 in Shields
 43905 | Vaults:4 | Reached skill level 15 in Armour
 43937 | Vaults:4 | Received a gift from Yredelemnul (a ghoul)
 44218 | Vaults:5 | Received a gift from Yredelemnul (a vampire)
 44228 | Vaults:5 | Reached skill level 5 in Earth Magic
 44367 | Vaults:5 | Identified the cursed +0 ring mail "Ulanong" {rF++ Slay+6 Stlth-} (You found it on level 5 of the Vaults)
 44412 | Vaults:5 | Gained mutation: A frigid envelope surrounds you and freezes all who hurt you. [demonic ancestry]
 44412 | Vaults:5 | Reached XP level 24. HP: 193/193 MP: 38/38
 44425 | Vaults:5 | Reached skill level 15 in Dodging
 44451 | Vaults:5 | Identified the ring "Tenefidd" {*Drain rF+++ MR+ Int+3 Dex-3} (You found it on level 5 of the Vaults)
 44607 | Vaults:5 | Learned a level 1 spell: Apportation
 44624 | Vaults:5 | Learned a level 6 spell: Shadow Creatures
 44721 | Vaults:5 | Learned a level 1 spell: Summon Butterflies
 44796 | Vaults:5 | Noticed an ancient lich
 44805 | Vaults:5 | Killed an ancient lich
 44998 | Vaults:5 | Got a silver rune of Zot
 45758 | Shoals:1 | Entered Level 1 of the Shoals
 45830 | Shoals:1 | Found Aluon's General Store.
 45866 | Shoals:1 | Bought a scroll of teleportation for 45 gold pieces
 46018 | Shoals:1 | Received a gift from Yredelemnul (a ghoul)
 46293 | Shoals:2 | Noticed Frances
 46307 | Shoals:2 | Killed Frances
 47147 | Shoals:3 | Noticed Polyphemus
 47176 | Shoals:3 | Killed Polyphemus
 47483 | Shoals:4 | Entered Level 4 of the Shoals
 47559 | Shoals:4 | Noticed Ilsuiw
 47578 | Shoals:4 | Killed Ilsuiw
 47581 | Shoals:4 | Received a gift from Yredelemnul (a phantasmal warrior)
 47768 | Shoals:4 | Reached skill level 17 in Fighting
 47768 | Shoals:4 | Received a gift from Yredelemnul (a vampire)
 47782 | Shoals:4 | Got a barnacled rune of Zot
 47830 | Shoals:4 | Identified the Incunabulum of the Ashen Frostbite
 48057 | Shoals:4 | Identified the amulet "Worph" {RegenMP MR- MP+9 Int+3 Stlth+} (You took it off a merfolk javelineer on level 4 of the Shoals)
 48376 | Slime:1  | Entered Level 1 of the Pits of Slime
 48703 | Crypt:1  | Entered Level 1 of the Crypt
 48813 | Crypt:1  | Identified a scroll of acquirement
 48876 | Crypt:1  | Received a gift from Yredelemnul (a phantasmal warrior)
 48921 | Crypt:1  | Received a gift from Yredelemnul (a ghoul)
 49242 | Crypt:2  | Reached XP level 25. HP: 201/201 MP: 38/38
 49464 | Crypt:2  | Received a gift from Yredelemnul (a ghoul)
 49568 | Crypt:2  | Gained mutation: Your mind is acute. (Int +2) [evolution]
 49614 | Crypt:2  | Received a gift from Yredelemnul (a vampire)
 49704 | Crypt:2  | Identified the +2 pair of boots "Gaoloe Alem" {Slay+3} (You found it on level 2 of the Crypt)
 50033 | Crypt:3  | Entered Level 3 of the Crypt
 50060 | Crypt:3  | Received a gift from Yredelemnul (a vampire)
 50170 | Crypt:3  | Found an ancient bone altar of Kikubaaqudgha.
 50186 | Crypt:3  | Received a gift from Yredelemnul (a flayed ghost)
 50208 | Crypt:3  | Noticed Xtahua
 50221 | Crypt:3  | Killed Xtahua
 50252 | Crypt:3  | Received a gift from Yredelemnul (a profane servitor)
 50289 | Crypt:3  | Noticed Margery
 50312 | Crypt:3  | Killed Margery
 50326 | Crypt:3  | Reached skill level 10 in Necromancy
 50362 | Crypt:3  | Identified the ring "Hasugunk" {*Corrode rF+ rN+ Stlth+} (You took it off a necromancer on level 3 of the Crypt)
 50365 | Crypt:3  | Identified the ring of Ciacit {+Fly rElec rN+ SInv Stlth+} (You took it off Margery on level 3 of the Crypt)
 50372 | Crypt:3  | Got a coiled tin ring
 50387 | Crypt:3  | Identified the Catalogue of Sinister Rituals
 50587 | Crypt:3  | Found a staircase to the Tomb.
 50587 | Crypt:3  | Noticed an ancient lich
 50597 | Crypt:3  | Killed an ancient lich
 50830 | Crypt:3  | Noticed Frederick
 50841 | Crypt:3  | Killed Frederick
 52069 | Depths:1 | Bought a scroll of identify for 28 gold pieces
 52069 | Depths:1 | Bought a scroll of acquirement for 728 gold pieces
 52069 | Depths:1 | Bought a scroll of identify for 28 gold pieces
 52069 | Depths:1 | Bought a scroll of identify for 28 gold pieces
 52069 | Depths:1 | Bought a scroll of enchant weapon for 105 gold pieces
 52070 | Depths:1 | Identified the ring "Jasycues" {rN+ MR+} (You took it off a necromancer on level 3 of the Crypt)
 52091 | Depths:1 | Identified a +0 pair of boots of running (You acquired it on level 1 of the Depths)
 52248 | D:11     | Bought a scroll of teleportation for 39 gold pieces
 52248 | D:11     | Bought a scroll of blinking for 97 gold pieces
 52248 | D:11     | Bought a scroll of enchant weapon for 97 gold pieces
 52248 | D:11     | Bought a scroll of enchant weapon for 97 gold pieces
 52248 | D:11     | Bought a scroll of identify for 26 gold pieces
 52248 | D:11     | Bought a scroll of silence for 97 gold pieces
 52497 | Zot:1    | Entered Level 1 of the Realm of Zot
 52694 | Zot:1    | Received a gift from Yredelemnul (a flayed ghost)
 52714 | Zot:1    | Reached XP level 26. HP: 208/208 MP: 38/38
 52812 | Zot:1    | Reached skill level 10 in Invocations
 53724 | Zot:2    | Received a gift from Yredelemnul (a flayed ghost)
 54413 | Zot:3    | Received a gift from Yredelemnul (a vampire knight)
 54627 | Zot:3    | Received a gift from Yredelemnul (a ghoul)
 54637 | Zot:3    | Reached skill level 15 in Invocations
 56036 | Lair:6   | Received a gift from Yredelemnul (a ghoul)
 56070 | Slime:1  | Received a gift from Yredelemnul (a profane servitor)
 56316 | Slime:5  | Entered Level 5 of the Pits of Slime
 56318 | Slime:5  | Gained mutation: Potions are less effective at restoring your health. [a shining eye]
 56324 | Slime:5  | Received a gift from Yredelemnul (a ghoul)
 56421 | Slime:5  | Received a gift from Yredelemnul (a flayed ghost)
 56423 | Slime:5  | Noticed the Royal Jelly
 56469 | Slime:5  | Killed the Royal Jelly
 56469 | Slime:5  | Reached XP level 27. HP: 214/214 MP: 36/38
 56510 | Slime:5  | Found the +8 storm bow {elec}
 56527 | Slime:5  | Identified the Handbook of Stolen Souls and Talismans
 56613 | Slime:5  | Got a slimy rune of Zot
 56658 | Slime:5  | Reached skill level 1 in Transmutations
 56783 | Slime:5  | Identified the +4 ring mail "Equxumpi" {MR- Regen+ Dex+4 SInv} (You found it on level 5 of the Pits of Slime)
 57306 | Zig:1    | Entered Level 1 of a ziggurat
 57333 | Zig:2    | Entered Level 2 of a ziggurat
 57355 | Zig:3    | Entered Level 3 of a ziggurat
 57398 | Zig:4    | Entered Level 4 of a ziggurat
 57406 | Zig:4    | Received a gift from Yredelemnul (a phantasmal warrior)
 57426 | Zig:4    | Identified the Compendium of Augmentations and Attacks
 57433 | Zig:4    | Identified the +2 fire dragon scales "Voycif" {rF++ rC- Dex+3} (You found it on level 4 of a ziggurat)
 57436 | Zig:4    | Identified the +10 demon trident of Analysis {pierce, *Drain rPois Str+3} (You found it on level 4 of a ziggurat)
 57439 | Zig:5    | Entered Level 5 of a ziggurat
 57463 | Zig:5    | Reached skill level 5 in Transmutations
 57483 | Zig:5    | Identified the ring "Zupu" {EV+4 Str+4} (You found it on level 5 of a ziggurat)
 57492 | Zig:5    | Identified the +2 scale mail of Depression {Str-3 Dex+5} (You found it on level 5 of a ziggurat)
 57496 | Zig:6    | Entered Level 6 of a ziggurat
 57507 | Zig:6    | Received a gift from Yredelemnul (a profane servitor)
 57542 | Zig:6    | Identified the ring "Eloghorch" {Int+7 Stlth-} (You found it on level 6 of a ziggurat)
 57546 | Zig:6    | Identified the +5 plate armour of Trog's Castigation {rC+ Str+2 SInv} (You found it on level 6 of a ziggurat)
 57554 | Zig:7    | Entered Level 7 of a ziggurat
 57570 | Zig:7    | Reached skill level 10 in Transmutations
 57614 | Zig:7    | Identified the +2 pair of gloves of the Will of the Gods {*Corrode rF+ Int+3} (You found it on level 7 of a ziggurat)
 57658 | Zig:8    | Entered Level 8 of a ziggurat
 57679 | Zig:8    | Received a gift from Yredelemnul (a vampire knight)
 57736 | Zig:9    | Entered Level 9 of a ziggurat
 57757 | Zig:9    | Paralysed by a vampire knight for 3 turns
 57776 | Depths:4 | Received a gift from Yredelemnul (a phantasmal warrior)
 58299 | Vaults:5 | Learned a level 5 spell: Aura of Abjuration
 58523 | Hell     | Entered the Vestibule of Hell
 58523 | Hell     | Noticed Geryon
 58536 | Hell     | Killed Geryon
 58536 | Hell     | Enslaved Geryon
 58558 | Hell     | Reached skill level 1 in Summonings
 58584 | Hell     | Found a gateway to the freezing wastes of Cocytus.
 58693 | Hell     | Received a gift from Yredelemnul (a flayed ghost)
 58702 | Hell     | Found a gateway to the ashen valley of Gehenna.
 58704 | Hell     | Reached skill level 5 in Summonings
 58707 | Hell     | Received a gift from Yredelemnul (a vampire knight)
 58778 | Hell     | Found a gateway to the decaying netherworld of Tartarus.
 58905 | Hell     | Found a gateway to the Iron City of Dis.
 59154 | D:13     | You paid a toll of 20 potions of curing to enter a treasure trove
 59155 | Trove    | Entered a treasure trove
 59572 | Orc:2    | Bought a book of Spatial Translocations for 1170 gold pieces
 59575 | Orc:2    | Learned a level 2 spell: Blink
 59580 | Orc:2    | Learned a level 4 spell: Passage of Golubria
 60025 | Zot:4    | Received a gift from Yredelemnul (a skeletal warrior)
 60249 | Zot:4    | Noticed an orb of fire
 60251 | Zot:4    | Gained mutation: Potions are poor at restoring your health. [an orb of fire]
 60254 | Zot:4    | Gained mutation: You are weak. (Str -2) [an orb of fire]
 60266 | Zot:4    | Killed an orb of fire
 60655 | Zot:5    | Entered Level 5 of the Realm of Zot
 61102 | Zot:5    | Reached skill level 10 in Summonings
 61160 | Zot:5    | Received a gift from Yredelemnul (a ghoul)
 61265 | Zot:5    | Noticed PeterLawrence's ghost (legendary MiFi)
 61333 | Zot:5    | Killed PeterLawrence's ghost
 61398 | Zot:5    | Noticed an ancient lich
 61412 | Zot:5    | Killed an ancient lich
 61479 | Zot:5    | Noticed an orb of fire
 61497 | Zot:5    | Gained mutation: Your magical capacity is low. (-10% MP) [an orb of fire]
 61499 | Zot:5    | Killed an orb of fire
 61521 | Zot:5    | Noticed an orb of fire
 61523 | Zot:5    | Noticed an orb of fire
 61536 | Zot:5    | Lost mutation: Your natural rate of healing is unusually fast. [an orb of fire]
 61545 | Zot:5    | Gained mutation: Armour fits poorly on your strangely shaped body. [an orb of fire]
 61545 | Zot:5    | Gained mutation: Your body sometimes deteriorates upon taking damage. [an orb of fire]
 61561 | Zot:4    | Lost mutation: Your body sometimes deteriorates upon taking damage. [potion of mutation]
 61561 | Zot:4    | Lost mutation: Your magical capacity is low. (-10% MP) [potion of mutation]
 61561 | Zot:4    | Lost mutation: You are agile. (Dex +2) [potion of mutation]
 61561 | Zot:4    | Lost mutation: Armour fits poorly on your strangely shaped body. [potion of mutation]
 61561 | Zot:4    | Gained mutation: You rapidly evolve. [potion of mutation]
 61864 | Zot:4    | Lost mutation: Your mind is acute. (Int +2) [potion of mutation]
 61864 | Zot:4    | Lost mutation: You have supernaturally acute eyesight. (SInv) [potion of mutation]
 61864 | Zot:4    | Lost mutation: You are weak. (Str -2) [potion of mutation]
 61864 | Zot:4    | Gained mutation: Your spells are a little harder to cast, but a little more powerful. [potion of mutation]
 61865 | Zot:4    | Lost mutation: You rapidly evolve. [potion of mutation]
 61865 | Zot:4    | Lost mutation: Your spells are a little harder to cast, but a little more powerful. [potion of mutation]
 61865 | Zot:4    | Lost mutation: You evolve. [potion of mutation]
 61865 | Zot:4    | Lost mutation: Potions are poor at restoring your health. [potion of mutation]
 61865 | Zot:4    | Gained mutation: Scrolls take you a little longer to read. [potion of mutation]
 61865 | Zot:4    | Gained mutation: Potions are poor at restoring your health. [potion of mutation]
 61865 | Zot:4    | Gained mutation: You expend magic power (3 MP) to strengthen your wands. [potion of mutation]
 61865 | Zot:4    | Gained mutation: You are robust. (+10% HP) [potion of mutation]
 61866 | Zot:4    | Lost mutation: You are robust. (+10% HP) [potion of mutation]
 61866 | Zot:4    | Lost mutation: Potions are poor at restoring your health. [potion of mutation]
 61866 | Zot:4    | Lost mutation: Potions are less effective at restoring your health. [potion of mutation]
 61866 | Zot:4    | Gained mutation: You are dopey. (Int -2) [potion of mutation]
 61866 | Zot:4    | Gained mutation: You occasionally shout uncontrollably at your foes. [potion of mutation]
 61866 | Zot:4    | Gained mutation: Your system is resistant to poisons. (rPois) [potion of mutation]
 61867 | Zot:4    | Lost mutation: You are dopey. (Int -2) [potion of mutation]
 61867 | Zot:4    | Lost mutation: You occasionally shout uncontrollably at your foes. [potion of mutation]
 61867 | Zot:4    | Lost mutation: Scrolls take you a little longer to read. [potion of mutation]
 61867 | Zot:4    | Gained mutation: You are covered in thick fur. (AC +2) [potion of mutation]
 61867 | Zot:4    | Gained mutation: Your spells are a little harder to cast, but a little more powerful. [potion of mutation]
 62138 | Coc:1    | Entered Level 1 of Cocytus
 62144 | Coc:1    | Received a gift from Yredelemnul (a phantasmal warrior)
 62159 | Coc:1    | You fall through a shaft!
 62199 | Coc:3    | Found a huge runed gate.
 62199 | Coc:3    | Found a huge runed gate.
 62199 | Coc:3    | Found a huge runed gate.
 62199 | Coc:3    | Found a huge runed gate.
 62199 | Coc:3    | Found a huge runed gate.
 62199 | Coc:3    | Found a huge runed gate.
 62199 | Coc:3    | Found a huge runed gate.
 62199 | Coc:3    | Found a huge runed gate.
 62203 | Coc:3    | Received a gift from Yredelemnul (a vampire knight)
 62230 | Coc:3    | Found a huge runed gate.
 62236 | Coc:3    | Found a huge runed gate.
 62247 | Coc:3    | Found a huge runed gate.
 62247 | Coc:3    | Found a huge runed gate.
 62247 | Coc:3    | Found a huge runed gate.
 62254 | Coc:3    | Found a huge runed gate.
 62255 | Coc:3    | Found a huge runed gate.
 62255 | Coc:3    | Found a huge runed gate.
 62256 | Coc:3    | Found a huge runed gate.
 62267 | Coc:3    | Found a huge runed gate.
 62269 | Coc:3    | Found a huge runed gate.
 62269 | Coc:3    | Found a huge runed gate.
 62287 | Coc:3    | Found a huge runed gate.
 62290 | Coc:3    | Found a huge runed gate.
 62291 | Coc:3    | Found a huge runed gate.
 62293 | Coc:3    | Found a huge runed gate.
 62293 | Coc:3    | Found a huge runed gate.
 62293 | Coc:3    | Found a huge runed gate.
 62293 | Coc:3    | Found a huge runed gate.
 62293 | Coc:3    | Found a huge runed gate.
 62293 | Coc:3    | Found a huge runed gate.
 62293 | Coc:3    | Found a huge runed gate.
 62352 | Coc:3    | Received a gift from Yredelemnul (a phantasmal warrior)
 62407 | Coc:3    | Found a huge runed gate.
 62586 | Coc:4    | Received a gift from Yredelemnul (a vampire knight)
 62742 | Coc:4    | Received a gift from Yredelemnul (a flayed ghost)
 63012 | Coc:5    | Reached skill level 15 in Summonings
 63073 | Coc:5    | Received a gift from Yredelemnul (a phantasmal warrior)
 63118 | Coc:5    | Received a gift from Yredelemnul (a vampire knight)
 63220 | Coc:6    | Received a gift from Yredelemnul (a vampire knight)
 63253 | Coc:7    | Entered Level 7 of Cocytus
 63351 | Coc:7    | Received a gift from Yredelemnul (a vampire knight)
 63415 | Coc:7    | Received a gift from Yredelemnul (a skeletal warrior)
 63655 | Coc:7    | Received a gift from Yredelemnul (a skeletal warrior)
 63703 | Coc:7    | Gained mutation: Your body sometimes deteriorates upon taking damage. [mutagenic glow]
 63733 | Coc:7    | Received a gift from Yredelemnul (a flayed ghost)
 63756 | Coc:7    | Received a gift from Yredelemnul (a flayed ghost)
 64296 | Coc:7    | Reached skill level 1 in Translocations
 64383 | Coc:7    | Received a gift from Yredelemnul (a flayed ghost)
 64576 | Coc:7    | Identified the cursed +1 long sword of Causality {venom, *Drain Int+4} (You found it on level 7 of Cocytus)
 64750 | Coc:7    | Received a gift from Yredelemnul (a phantasmal warrior)
 64917 | Coc:7    | Noticed Antaeus
 64944 | Coc:7    | Killed Antaeus
 64944 | Coc:7    | Enslaved Antaeus
 64972 | Coc:7    | Got an icy rune of Zot
 65094 | Coc:7    | Reached skill level 5 in Translocations
 65147 | Coc:7    | Received a gift from Yredelemnul (a vampire)
 65314 | Coc:7    | Received a gift from Yredelemnul (a phantasmal warrior)
 65499 | Pan      | Entered Pandemonium
 65684 | Pan      | Learned a level 3 spell: Teleport Other
 65688 | Pan      | Learned a level 3 spell: Lesser Beckoning
 65818 | Pan      | Received a gift from Yredelemnul (a ghoul)
 66279 | Pan      | Received a gift from Yredelemnul (a vampire knight)
 66371 | Pan      | Found a glowing silver altar of Zin.
 66491 | Pan      | Received a gift from Yredelemnul (a ghoul)
 66892 | Pan      | Received a gift from Yredelemnul (a vampire)
 66892 | Pan      | Received a gift from Yredelemnul (a profane servitor)
 66903 | Pan      | Found a glowing golden altar of the Shining One.
 66904 | Pan      | Noticed a seraph
 66916 | Pan      | Killed a seraph
 66916 | Pan      | Reached skill level 10 in Translocations
 66940 | Pan      | Got a demonic rune of Zot
 66943 | Pan      | Identified the +5 buckler "Hiluexaloe" {rElec rPois rF++ Slay-5} (You found it in Pandemonium)
 67095 | Pan      | Received a gift from Yredelemnul (a vampire knight)
 67153 | Pan      | Received a gift from Yredelemnul (a flayed ghost)
 67276 | Pan      | Received a gift from Yredelemnul (a ghoul)
 67529 | Pan      | Received a gift from Yredelemnul (a bone dragon)
 67867 | Pan      | Received a gift from Yredelemnul (a phantasmal warrior)
 68111 | Pan      | Received a gift from Yredelemnul (a ghoul)
 68543 | Pan      | Noticed Biruducs the pandemonium lord
 68568 | Pan      | Entered the realm of Lom Lobon.
 68625 | Pan      | Identified the Incunabulum of Companions
 68632 | Pan      | Learned a level 5 spell: Summon Forest
 68855 | Pan      | Received a gift from Yredelemnul (a bone dragon)
 69147 | Pan      | Noticed Lom Lobon
 69158 | Pan      | Your ally Antaeus died
 69168 | Pan      | Got a magical rune of Zot
 69188 | Pan      | Received a gift from Yredelemnul (a phantasmal warrior)
 69215 | Pan      | Killed Lom Lobon
 69235 | Pan      | Identified the ring "Atin Tot" {*Contam rElec rPois rN+ AC+5} (You found it in Pandemonium)
 69512 | Pan      | Found an exit through the horrors of the Abyss.
 69588 | Pan      | Entered the realm of Gloorx Vloq.
 69787 | Pan      | Reached skill level 10 in Earth Magic
 70665 | Pan      | Noticed Gloorx Vloq
 70720 | Pan      | Killed Gloorx Vloq
 70720 | Pan      | Enslaved Gloorx Vloq
 71070 | Pan      | Got a dark rune of Zot
 71190 | Pan      | Your ally Gloorx Vloq died
 71349 | Pan      | Gained mutation: You are weak. (Str -2) [a cacodemon]
 71372 | Pan      | Noticed Ushrutiuff the pandemonium lord
 71388 | Pan      | Killed Ushrutiuff the pandemonium lord
 71392 | Pan      | Received a gift from Yredelemnul (a skeletal warrior)
 71525 | Pan      | Received a gift from Yredelemnul (a vampire)
 71694 | Pan      | Received a gift from Yredelemnul (a vampire knight)
 71925 | Pan      | Received a gift from Yredelemnul (a profane servitor)
 71928 | Pan      | Noticed Ilyihic the pandemonium lord
 71940 | Pan      | Killed Ilyihic the pandemonium lord
 72012 | Pan      | Found a runed door.
 72086 | Pan      | Noticed Hyuquompoxt the pandemonium lord
 72092 | Depths:3 | Escaped Pandemonium
 72106 | Depths:3 | Lost mutation: Your system is resistant to poisons. (rPois) [potion of mutation]
 72106 | Depths:3 | Lost mutation: Your spells are a little harder to cast, but a little more powerful. [potion of mutation]
 72106 | Depths:3 | Lost mutation: You are weak. (Str -2) [potion of mutation]
 72106 | Depths:3 | Gained mutation: You tend to lose your temper in combat. [potion of mutation]
 72106 | Depths:3 | Gained mutation: Your muscles are strong. (Str +2) [potion of mutation]
 72107 | Depths:3 | Lost mutation: Your body sometimes deteriorates upon taking damage. [potion of mutation]
 72107 | Depths:3 | Lost mutation: Your muscles are strong. (Str +2) [potion of mutation]
 72107 | Depths:3 | Lost mutation: You expend magic power (3 MP) to strengthen your wands. [potion of mutation]
 72107 | Depths:3 | Gained mutation: You are robust. (+10% HP) [potion of mutation]
 72107 | Depths:3 | Gained mutation: You have large cloven feet. [potion of mutation]
 72108 | Depths:3 | Lost mutation: You tend to lose your temper in combat. [potion of mutation]
 72108 | Depths:3 | Lost mutation: You have large cloven feet. [potion of mutation]
 72108 | Depths:3 | Lost mutation: You are robust. (+10% HP) [potion of mutation]
 72108 | Depths:3 | Lost mutation: You are covered in thick fur. (AC +2) [potion of mutation]
 72108 | Depths:3 | Gained mutation: You are resistant to hostile enchantments. (MR+) [potion of mutation]
 72108 | Depths:3 | Gained mutation: Scrolls take you a little longer to read. [potion of mutation]
 72108 | Depths:3 | Gained mutation: You are robust. (+10% HP) [potion of mutation]
 72457 | Tomb:1   | Entered Level 1 of the Tomb of the Ancients
 72493 | Tomb:1   | Noticed vishdafish's ghost (legendary DsFi)
 72524 | Tomb:1   | Killed vishdafish's ghost
 72524 | Tomb:1   | Received a gift from Yredelemnul (a flayed ghost)
 72896 | Tomb:1   | Received a gift from Yredelemnul (a profane servitor)
 72923 | Tomb:1   | Noticed a greater mummy
 72935 | Tomb:1   | Killed a greater mummy
 72990 | Tomb:1   | Reached skill level 18 in Fighting
 73270 | Tomb:1   | Identified the amulet of Spontaneous Combustion {Reflect Str+3 SH+5} (You took it off a mummy priest on level 1 of the Tomb of the Ancients)
 73454 | Tomb:1   | Noticed a greater mummy
 73457 | Tomb:1   | Received a gift from Yredelemnul (a bone dragon)
 73460 | Tomb:1   | Killed a greater mummy
 73589 | Tomb:2   | Noticed a greater mummy
 73589 | Tomb:2   | Noticed a greater mummy
 73598 | Tomb:2   | Noticed a greater mummy
 73600 | Tomb:2   | Killed a greater mummy
 73614 | Tomb:2   | Killed a greater mummy
 73614 | Tomb:2   | Received a gift from Yredelemnul (a vampire)
 73662 | Tomb:2   | Killed a greater mummy
 73676 | Tomb:2   | Noticed a greater mummy
 73690 | Tomb:2   | Killed a greater mummy
 74407 | Tomb:1   | Noticed a greater mummy
 74411 | Tomb:1   | Noticed a greater mummy
 74413 | Tomb:1   | Killed a greater mummy
 74424 | Tomb:1   | Killed a greater mummy
 74470 | Tomb:1   | Noticed a greater mummy
 74480 | Tomb:1   | Killed a greater mummy
 74480 | Tomb:1   | Reached skill level 19 in Fighting
 74484 | Tomb:1   | Noticed a greater mummy
 74486 | Tomb:1   | Noticed a greater mummy
 74491 | Tomb:1   | Killed a greater mummy
 74500 | Tomb:1   | Killed a greater mummy
 74843 | Tomb:1   | Noticed a greater mummy
 74853 | Tomb:1   | Killed a greater mummy
 74918 | Tomb:1   | Noticed a greater mummy
 74932 | Tomb:1   | Killed a greater mummy
 74933 | Tomb:1   | Noticed a greater mummy
 74949 | Tomb:1   | Killed a greater mummy
 74949 | Tomb:1   | Received a gift from Yredelemnul (a bone dragon)
 75061 | Tomb:1   | Noticed a greater mummy
 75069 | Tomb:1   | Noticed a greater mummy
 75071 | Tomb:1   | Killed a greater mummy
 75081 | Tomb:1   | Killed a greater mummy
 75257 | Tomb:1   | Noticed a greater mummy
 75266 | Tomb:1   | Killed a greater mummy
 75408 | Tomb:1   | Noticed a greater mummy
 75410 | Tomb:1   | Noticed a greater mummy
 75414 | Tomb:1   | Noticed a greater mummy
 75416 | Tomb:1   | Killed a greater mummy
 75417 | Tomb:1   | Noticed a greater mummy
 75421 | Tomb:1   | Killed a greater mummy
 75432 | Tomb:1   | Killed a greater mummy
 75436 | Tomb:1   | Killed a greater mummy
 75763 | Tomb:1   | Noticed a greater mummy
 75767 | Tomb:1   | Noticed a greater mummy
 75768 | Tomb:1   | Noticed a greater mummy
 75774 | Tomb:1   | Killed a greater mummy
 75780 | Tomb:1   | Killed a greater mummy
 75787 | Tomb:1   | Killed a greater mummy
 75787 | Tomb:1   | Reached skill level 20 in Fighting
 76026 | Tomb:1   | Noticed a greater mummy
 76036 | Tomb:1   | Killed a greater mummy
 76037 | Tomb:1   | Noticed a greater mummy
 76042 | Tomb:1   | Killed a greater mummy
 76132 | Tomb:1   | Noticed a greater mummy
 76141 | Tomb:1   | Killed a greater mummy
 76486 | Crypt:3  | Identified the +0 chain mail of the Locust {rC++ rCorr MP+9 Str-4} (You found it on level 3 of the Crypt)
 77084 | Zot:5    | Noticed an orb of fire
 77092 | Zot:5    | Gained mutation: Scrolls take you longer to read. [an orb of fire]
 77104 | Zot:5    | HP: 12/247 [orb of fire/fireball (32)]
 77105 | Zot:5    | Lost mutation: You are robust. (+10% HP) [an orb of fire]
 77105 | Zot:5    | Killed from afar by an orb of fire

Vault maps used:
D:1:      onia_arrival_zoo_common
D:2:      first_ration, uniq_natasha
D:4:      kennysheep_nub
D:5:      vehumet_statue, lemuel_crystal_altar, uniq_edmund
D:6:      kennysheep_little_box, uniq_pikel
D:7:      temple_pool_b, nicolae_lava_and_water, uniq_prince_ribbit1
D:8:      st_stairs_6
D:9:      minitemple
D:10:     david_lair_generic, serial_shops, nicolae_shop_overgrown_old_shop,
          hangedman_ranch
D:11:     cheibrodos_grave_circle, serial_shops, shop_scrolls, uniq_maurice
D:12:     david_orc_2
D:13:     hangedman_vaults_entry_quadrant_bands, enter_trove_0
D:14:     lab_entry_generic, uniq_roxanne
D:15:     grunt_enter_depths_snipers, dk_noncrumbling_4, basic_altar
Temple:   regret_index_temple_generic_petals
Lair:1:   wad_woods_minihive, serial_bayou_shore_a, uniq_harold
Lair:2:   elwin_shoals_entry_stream, dummy_snake_entry, beast_lair_carwin_10,
          infiniplex_staircase_pool_2
Lair:4:   ldierk_geyser
Lair:6:   due_jungle_book, slime_altar_1
Shoals:1: serial_shops, nicolae_shop_statue_plus, nicolae_shoals_square_sea_wall
Shoals:2: nzn_motion_control, nicolae_shoals_arrival_archipelago, uniq_frances
Shoals:3: nicolae_shoals_stone_sculpture_thing, uniq_polyphemus
Shoals:4: shoals_end_simple, shoals_ilsuiw_alternative
Snake:1:  basic_altar
Snake:2:  corexii_hall_statues_s, evilmike_ambush
Snake:3:  serial_shops, shop_statue, uniq_vashnia, uniq_aizul, uniq_nikola
Snake:4:  snake_pit_salamanders_mu, hangedman_snake_thin_pillar_pass,
          spider_trap, uniq_saint_roka, uniq_kirke, uniq_donald
Slime:2:  cheibrodos_slime_lost_civilization_3
Slime:4:  cheibrodos_slime_lost_civilization_7
Orc:1:    serial_shops, nicolae_shop_temple_entry_statues_fountains,
          nicolae_shop_statue_plus, trog_hazing_becter
Orc:2:    grunt_orc_community_town_hall, grunt_orc_community_big_house_1,
          grunt_orc_community_big_house_2, grunt_orc_community_house_2,
          grunt_orc_community_house_1, grunt_orc_community_house_1,
          grunt_orc_community_house_1, grunt_orc_community_house_2,
          grunt_orc_community_house_3, nicolae_volcano_entry_s_turn,
          serial_shops, shop_statue, basic_altar
Elf:1:    kennysheep_six_static_rooms, orc_legates, uniq_agnes
Elf:2:    uniq_asterion
Elf:3:    minmay_elf_hall_quartered_circle, portal_ice_cave_entry_horrid_things
Vaults:1: v_misc_1, nicolae_vaults_lopsided_apartments,
          nicolae_vaults_little_squares_2, nicolae_vaults_puzzle_piece,
          nicolae_vaults_three_branches, v_misc_15,
          hangedman_vaults_stretched_pinwheel, nicolae_vaults_rhombus_6,
          nicolae_vaults_specimen_jars, grunt_vaults_diagonal, v_misc_24,
          ontoclasm_vaults_spin, vaults_mumra_minichess_inversion,
          nicolae_vaults_sealed_display, hangedman_vaults_corner_blocks,
          serial_shops, bzr_entry_customers
Vaults:2: vaults_mumra_hex, vaults_dpeg_hooks, nicolae_vaults_yaktaur_gun_rack,
          hangedman_vaults_unwind, ontoclasm_vaults_tryst, vaults_dpeg_diagonal,
          grunt_vaults_hallway_long, hangedman_vaults_nodes,
          nicolae_vaults_mini_display_case, grunt_vaults_hallway_short,
          ontoclasm_vaults_idyll, dpeg_vaults_monster_box, v_misc_14,
          ontoclasm_vaults_gateway, serial_shops, bzr_entry_water,
          lightli_enter_wizlab_magi_temple
Vaults:3: minmay_crypt_entry_vampire_xt, v_misc_8, nicolae_vaults_circle_grid_a,
          vaults_standard_mumra_lines, vaults_room_stairs_pillars,
          hangedman_vaults_maws, vaults_room_stairs_pillars,
          vaults_mumra_minichess, v_rooms_1, nicolae_vaults_rhombus_5,
          v_misc_24, nicolae_vaults_angled_halls
Vaults:4: hangedman_vaults_corner, vaults_room_corners, hangedman_vaults_stream,
          hangedman_vaults_hard_town_square, vaults_standard_mumra_x,
          vaults_mumra_chevron_long, grunt_vaults_hallway_short,
          nicolae_vaults_network_periphery, nicolae_vaults_little_squares_4,
          vaults_dpeg_cross, ontoclasm_vaults_ligature,
          nicolae_vaults_little_ls, vaults_room_pool,
          nicolae_vaults_diagonal_hallway_6
Crypt:1:  grunt_crypt_arrival_split
Crypt:2:  corner_web_ring
Crypt:3:  grunt_crypt_end_deaths_head, uniq_xtahua, uniq_margery, uniq_frederick
Depths:1: minmay_nine_rooms, kennysheep_cross_room, hell_entry,
          minmay_misc_feat_roman, kennysheep_generic_room_7, minmay_shoptagon
Depths:2: minmay_imperfect_grid, hell_entry, minmay_misc_feat_room
Depths:3: minmay_haunted_quarter, hell_entry, pan_entry, serial_shops,
          bzr_entry_dummy, minmay_misc_feat_four_crosses, firewood_loft,
          minmay_shop_grove, minmay_staircase_bubble
Depths:4: kennysheep_funnel, enter_ziggurat_a, serial_bayou_shore_b,
          abyss_entry, hell_entry, grunt_megastairs_1, minmay_shop_star,
          minmay_staircase_statues, uniq_jorgrun, uniq_sojobo
Depths:5: grunt_zot_entry_gee_three, hangedman_abyss_or_decor_lesser_grid,
          pf_hell_entry_tar_spiral, serial_shops, nicolae_shop_window_shopping,
          rand_demon_pan_entry_8, hangedman_abyss_or_decor_stabs,
          serial_sigils_hangedman_shear
Coc:3:    door_vault
Coc:7:    coc_mu
Zot:2:    st_stairs_7, zot_minivault_5
Abyss:3:  hangedman_abyss_monster_moat, minivault_27, minivault_1
Pan:      evilmike_holy_pan, evilmike_mini_pan_doors_b, lom_lobon,
          nicolae_pan_gloorx_vloqian_4, evilmike_mini_pan_doors_b,
          gloorx_vloq_st, pan_blood_fountain_small, rand_demon_9,
          pan_blood_fountain, nicolae_pan_mnolegish_5, nicolae_pan_sigil_obb,
          evilmike_mini_pan_layers, pan_blood_fountain,
          regret_index_pan_draining_boxed, reaverb_pan_chaos_star,
          nicolae_pan_lom_lobonic_4, evilmike_mini_pan_branches,
          pan_blood_fountain, reaverb_pan_squares
Zig:5:    ziggurat_pillar_centre_dead_trees
Lab:      labyrinth_spiral
Bazaar:   bazaar_jpeg_circle_common, bazaar_lake, bazaar_minmay_row
Trove:    trove_weapon_2
IceCv:    ice_cave_tombish
Volcano:  volcano_lake
WizLab:   wizlab_wucad

Skill      XL: |  1  2  3  4  5  6  7  8  9 10 11 12 13 14 15 16 17 18 19 20 21 22 23 24 25 26 27 |
---------------+----------------------------------------------------------------------------------+-----
Long Blades    | 2 3 4 5 6 7 9 10 11 12 13 15 16 17 18 19 | 19.0
Armour         | 3 4 5 6 7 9 10 11 12 13 14 15 16 17 | 17.0
Shields        | 3 4 5 6 7 9 10 11 12 13 14 15 16 17 19 | 19.8
Fighting       | 4 5 7 8 9 10 11 12 13 14 15 16 17 20 | 20.3
Dodging        | 2 5 9 10 11 12 13 14 15 16 18 | 18.3
Evocations     | 2 5 |  5.2
Invocations    | 9 15 | 15.0
Spellcasting   | 2 5 6 8 9 11 | 11.0
Necromancy     | 1 5 7 12 | 12.1
Charms         | 9 12 | 12.4
Earth Magic    | 5 9 14 | 14.0
Transmutations | 12 | 12.3
Summonings     | 19 | 19.1
Translocations | 14 | 14.6

Action                   |  1- 3 |  4- 6 |  7- 9 | 10-12 | 13-15 | 16-18 | 19-21 | 22-24 | 25-27 || total
-------------------------+-------+-------+-------+-------+-------+-------+-------+-------+-------++-------
Melee: Long sword        |    85 |   139 |   411 |       |       |       |       |       |       ||   635
       Headbutt          |     7 |    27 |    90 |   148 |   330 |   197 |   453 |   492 |  1344 ||  3088
       Unarmed           |       |    16 |       |       |       |       |       |       |       ||    16
       Scimitar          |       |       |     9 |   575 |   991 |   626 |  1378 |  1408 |       ||  4987
       Falchion          |       |       |       |    25 |   165 |       |       |       |       ||   190
       Double sword      |       |       |       |       |       |       |       |   113 |  3566 ||  3679
 Fire: Blowgun           |       |     1 |       |       |       |       |       |       |       ||     1
Throw: Throwing net      |       |       |       |       |     1 |     1 |       |     2 |     3 ||     7
 Cast: Song of Slaying   |       |       |       |       |       |     1 |    14 |     8 |    31 ||    54
       Regeneration      |       |       |       |       |       |     5 |     3 |     1 |    71 ||    80
       Borgnjor's Vile C |       |       |       |       |       |       |       |       |    61 ||    61
       Aura of Abjuratio |       |       |       |       |       |       |       |       |    28 ||    28
       Lee's Rapid Decon |       |       |       |       |       |       |       |       |    16 ||    16
       Shadow Creatures  |       |       |       |       |       |       |       |       |     4 ||     4
       Summon Butterflie |       |       |       |       |       |       |       |       |     1 ||     1
Invok: Animate Dead      |       |       |       |     8 |    44 |    10 |    10 |     2 |    18 ||    92
       Recall Undead Sla |       |       |       |     1 |     4 |     3 |     3 |     3 |    16 ||    30
       Drain Life        |       |       |       |       |     1 |     1 |     1 |     4 |     1 ||     8
       Enslave Soul      |       |       |       |       |       |       |     1 |       |     3 ||     4
Evoke: Wand              |       |     1 |    14 |    35 |    45 |     4 |     2 |     7 |     8 ||   116
       Sack of spiders   |       |       |       |       |     2 |       |       |     2 |       ||     4
       Box of beasts     |       |       |       |       |       |       |       |       |     1 ||     1
  Use: Potion            |       |     2 |     2 |     5 |     1 |     5 |       |     3 |    53 ||    71
       Scroll            |       |     6 |     8 |     7 |    14 |     8 |    10 |    18 |    41 ||   112
 Stab: Paralysed         |       |       |    22 |    13 |     2 |       |     3 |     2 |    10 ||    52
       Invisible         |       |       |       |     2 |       |       |       |       |       ||     2
       Distracted        |       |       |       |     1 |    15 |     7 |    25 |    27 |    78 ||   153
       Confused          |       |       |       |       |     4 |       |       |       |     1 ||     5
       Held in net/web   |       |       |       |       |     1 |       |       |       |     2 ||     3
       Sleeping          |       |       |       |       |     1 |       |     1 |     2 |     2 ||     6
       Petrified         |       |       |       |       |       |       |       |     3 |       ||     3
  Eat: Chunk             |       |     7 |     8 |    16 |    16 |    10 |    24 |    24 |    18 ||   123
       Ration            |       |       |     2 |     4 |    11 |     4 |     2 |     6 |    33 ||    62
Armor: Scale mail        |    37 |    38 |    43 |       |       |       |       |       |       ||   118
       Skin              |       |    19 |       |    23 |       |       |       |       |       ||    42
       Chain mail        |       |       |   160 |   333 |   323 |       |       |       |       ||   816
       Ring mail         |       |       |       |       |   119 |   163 |   300 |   288 |   716 ||  1586
Dodge: Dodged            |    24 |    59 |   136 |   268 |   416 |   327 |   587 |   640 |  1723 ||  4180
Block: Shield            |    37 |    63 |   217 |   340 |   627 |   411 |   995 |  1343 |  3341 ||  7374
       Reflection        |       |       |       |       |       |       |    44 |   120 |    75 ||   239
       Rpst.: Long sword |     8 |    15 |    44 |       |       |       |       |       |       ||    67
       Scimitar          |       |       |     2 |    78 |    86 |    53 |    96 |    87 |       ||   402
       Falchion          |       |       |       |     2 |    10 |       |       |       |       ||    12
       Double sword      |       |       |       |       |       |       |       |     5 |   298 ||   303

Table legend:
 A = Spawn XP
 B = Non-spawn XP
 C = Spawn XP percentage of total XP
 D = Spawn monster count
 E = Non-spawn monster count
 F = Spawn count percentage of total count
 G = Total turns spent on level
                    A         B        C        D         E        F      G
               +---------+---------+-------+---------+---------+-------+---------
         Total |  161254 | 2253721 |   6.7 |     261 |    3747 |   6.5 | 77105
               +---------+---------+-------+---------+---------+-------+---------
           D:1 |       0 |      49 |   0.0 |       0 |      23 |   0.0 |   674
           D:2 |       0 |     164 |   0.0 |       0 |      24 |   0.0 |  1036
           D:3 |       0 |     126 |   0.0 |       0 |      19 |   0.0 |   811
           D:4 |       0 |     570 |   0.0 |       0 |      10 |   0.0 |  1324
           D:5 |       0 |     534 |   0.0 |       0 |      17 |   0.0 |   850
           D:6 |       0 |    2295 |   0.0 |       0 |      36 |   0.0 |  1061
           D:7 |       0 |    1311 |   0.0 |       0 |      27 |   0.0 |  1211
           D:8 |       0 |    1599 |   0.0 |       0 |      38 |   0.0 |   905
           D:9 |       0 |    2053 |   0.0 |       0 |      20 |   0.0 |   688
          D:10 |       0 |    6062 |   0.0 |       0 |      35 |   0.0 |  1615
          D:11 |       0 |    7304 |   0.0 |       0 |      47 |   0.0 |   875
          D:12 |       0 |    6684 |   0.0 |       0 |      42 |   0.0 |   923
          D:13 |       0 |   11582 |   0.0 |       0 |      35 |   0.0 |  1768
          D:14 |       0 |    8482 |   0.0 |       0 |      26 |   0.0 |   849
          D:15 |       0 |    6487 |   0.0 |       0 |      19 |   0.0 |  1103
        Lair:1 |       0 |    6572 |   0.0 |       0 |      58 |   0.0 |  1749
        Lair:2 |       0 |    5445 |   0.0 |       0 |      24 |   0.0 |  1427
        Lair:3 |       0 |    4718 |   0.0 |       0 |      17 |   0.0 |  1248
        Lair:4 |       0 |    4720 |   0.0 |       0 |      22 |   0.0 |   721
        Lair:5 |       0 |   10045 |   0.0 |       0 |      23 |   0.0 |  1362
        Lair:6 |       0 |   20757 |   0.0 |       0 |      58 |   0.0 |  2192
      Shoals:1 |       0 |    9478 |   0.0 |       0 |      22 |   0.0 |   539
      Shoals:2 |       0 |   10257 |   0.0 |       0 |      22 |   0.0 |   537
      Shoals:3 |       0 |   13866 |   0.0 |       0 |      29 |   0.0 |   692
      Shoals:4 |       0 |   30064 |   0.0 |       0 |      55 |   0.0 |   735
       Snake:1 |       0 |   16619 |   0.0 |       0 |      43 |   0.0 |   832
       Snake:2 |       0 |   19621 |   0.0 |       0 |      43 |   0.0 |   988
       Snake:3 |       0 |   29908 |   0.0 |       0 |      60 |   0.0 |  1029
       Snake:4 |       0 |   51530 |   0.0 |       0 |     111 |   0.0 |  1046
       Slime:1 |       0 |    4940 |   0.0 |       0 |      11 |   0.0 |   139
       Slime:2 |       0 |    6005 |   0.0 |       0 |       7 |   0.0 |    80
       Slime:3 |       0 |    4904 |   0.0 |       0 |       8 |   0.0 |    44
       Slime:4 |       0 |    3155 |   0.0 |       0 |       8 |   0.0 |    75
       Slime:5 |       0 |   39425 |   0.0 |       0 |      57 |   0.0 |   541
         Orc:1 |       0 |    1821 |   0.0 |       0 |      49 |   0.0 |   547
         Orc:2 |       0 |   12649 |   0.0 |       0 |     128 |   0.0 |  1335
         Elf:1 |       0 |   31616 |   0.0 |       0 |      67 |   0.0 |   982
         Elf:2 |       0 |   44200 |   0.0 |       0 |      76 |   0.0 |   968
         Elf:3 |       0 |   50484 |   0.0 |       0 |      85 |   0.0 |  1230
      Vaults:1 |       0 |   50459 |   0.0 |       0 |      80 |   0.0 |  1401
      Vaults:2 |       0 |   39870 |   0.0 |       0 |     100 |   0.0 |  1190
      Vaults:3 |       0 |   46163 |   0.0 |       0 |     112 |   0.0 |  1434
      Vaults:4 |       0 |   82573 |   0.0 |       0 |     120 |   0.0 |  1680
      Vaults:5 |       0 |   96877 |   0.0 |       0 |      98 |   0.0 |  1411
       Crypt:1 |       0 |   27073 |   0.0 |       0 |      41 |   0.0 |   619
       Crypt:2 |       0 |   38550 |   0.0 |       0 |      57 |   0.0 |   831
       Crypt:3 |       0 |   87903 |   0.0 |       0 |     129 |   0.0 |  1181
        Tomb:1 |       0 |  171785 |   0.0 |       0 |      72 |   0.0 |  3454
        Tomb:2 |       0 |   44155 |   0.0 |       0 |      53 |   0.0 |   534
      Depths:1 |       0 |   41560 |   0.0 |       0 |      66 |   0.0 |  1549
      Depths:2 |       0 |   40338 |   0.0 |       0 |      54 |   0.0 |  1617
      Depths:3 |       0 |   20553 |   0.0 |       0 |      31 |   0.0 |   801
      Depths:4 |       0 |   27688 |   0.0 |       0 |      26 |   0.0 |  1356
      Depths:5 |       0 |   41233 |   0.0 |       0 |      46 |   0.0 |  1207
          Hell |       0 |   24085 |   0.0 |       0 |      62 |   0.0 |   579
         Coc:1 |       0 |     933 |   0.0 |       0 |       2 |   0.0 |    21
         Coc:2 |       0 |    6952 |   0.0 |       0 |      10 |   0.0 |    40
         Coc:3 |       0 |   14505 |   0.0 |       0 |      46 |   0.0 |   275
         Coc:4 |       0 |   20639 |   0.0 |       0 |      42 |   0.0 |   533
         Coc:5 |       0 |   42584 |   0.0 |       0 |      67 |   0.0 |   132
         Coc:6 |       0 |   16726 |   0.0 |       0 |      44 |   0.0 |   114
         Coc:7 |       0 |  120448 |   0.0 |       0 |     193 |   0.0 |  2097
         Zot:1 |       0 |   53095 |   0.0 |       0 |      35 |   0.0 |  1339
         Zot:2 |       0 |   61364 |   0.0 |       0 |      32 |   0.0 |   845
         Zot:3 |       0 |   50709 |   0.0 |       0 |      32 |   0.0 |   792
         Zot:4 |       0 |   37873 |   0.0 |       0 |      30 |   0.0 |   968
         Zot:5 |       0 |   93840 |   0.0 |       0 |      29 |   0.0 |  1026
       Abyss:3 |   74435 |   51455 |  59.1 |     159 |     196 |  44.8 |  1730
           Pan |   86819 |  245608 |  26.1 |     102 |     238 |  30.0 |  6593
         Zig:1 |       0 |    2226 |   0.0 |       0 |       2 |   0.0 |    27
         Zig:2 |       0 |    1452 |   0.0 |       0 |       3 |   0.0 |    22
         Zig:3 |       0 |    2466 |   0.0 |       0 |       4 |   0.0 |    43
         Zig:4 |       0 |    3223 |   0.0 |       0 |       7 |   0.0 |    41
         Zig:5 |       0 |    4907 |   0.0 |       0 |      13 |   0.0 |    57
         Zig:6 |       0 |    7664 |   0.0 |       0 |       7 |   0.0 |    58
         Zig:7 |       0 |   10489 |   0.0 |       0 |       8 |   0.0 |   104
         Zig:8 |       0 |   13625 |   0.0 |       0 |      12 |   0.0 |    78
         Zig:9 |       0 |    7233 |   0.0 |       0 |       6 |   0.0 |    37
           Lab |       0 |    1211 |   0.0 |       0 |       1 |   0.0 |   728
         IceCv |       0 |    8971 |   0.0 |       0 |      26 |   0.0 |   484
       Volcano |       0 |    3312 |   0.0 |       0 |      13 |   0.0 |   419
        WizLab |       0 |    1245 |   0.0 |       0 |       1 |   0.0 |   389
               +---------+---------+-------+---------+---------+-------+---------
